Workbook
Name _1Excel_BuiltIn_Print_Area_1_1_1: 'Прил 1'!$A$1:$C$30
Name _2Excel_BuiltIn_Print_Area_7_1_1: #REF!
Name _2Excel_BuiltIn_Print_Area_7_1_1: #REF!
Name _Toc105952698: 'Прил 3 '!$A$2
Name _Toc105952698: #REF!
Name Excel_BuiltIn_Print_Area_1: 'Прил 1'!$A$1:$C$30
Name Excel_BuiltIn_Print_Area_1_1: 'Прил 1'!$A$1:$C$30
Name Excel_BuiltIn_Print_Area_2: #REF!
Name Excel_BuiltIn_Print_Area_2: #REF!
Name Excel_BuiltIn_Print_Area_3: #REF!
Name Excel_BuiltIn_Print_Area_3_1: #REF!
Name Excel_BuiltIn_Print_Area_3_1: #REF!
Name Excel_BuiltIn_Print_Area_4: #REF!
Name Excel_BuiltIn_Print_Area_4: #REF!
Name Excel_BuiltIn_Print_Area_5: 'Прил 3 '!$A$1:$I$44
Name Excel_BuiltIn_Print_Area_5: #REF!
Name Excel_BuiltIn_Print_Area_5_1: 'Прил 3 '!$A$1:$I$44
Name Excel_BuiltIn_Print_Area_5_1: #REF!
Name Excel_BuiltIn_Print_Area_6: 'Прил 2'!$A$1:$G$45
Name Excel_BuiltIn_Print_Area_6_1: 'Прил 2'!$A$1:$G$45
Name Excel_BuiltIn_Print_Area_7: #REF!
Name Excel_BuiltIn_Print_Area_7: #REF!
Name Excel_BuiltIn_Print_Area_7_1: #REF!
Name Excel_BuiltIn_Print_Area_7_1: #REF!

Sheet Прил 1
C1: Приложение 1 к решению Совета депутатов Пушкинского сельского поселения "О бюджете Пушкинского сельского поселения Кадошкинского муниципального района Республики Мордовия на 2023 год и на плановый период 2024 и 2025 годов"
A2: ДОХОДЫ БЮДЖЕТА ПУШКИНСКОГО СЕЛЬСКОГО ПОСЕЛЕНИЯ КАДОШКИНСКОГО МУНИЦИПАЛЬНОГО РАЙОНА РЕСПУБЛИКИ МОРДОВИЯ
C3: (тыс.рублей)
A4: Код бюджетной классификации доходов бюджета | B4: Наименование доходов | C4: Сумма
C5: 2023 год | D5: 2024 год | E5: 2025 год
A6: 1 | B6: 2 | C6: 3 | D6: 4 | E6: 5
B7: ВСЕГО ДОХОДОВ | C7: =C8+C21+C32 -> 2758.687 | D7: =SUM(D8+D21) -> 1475.5 | E7: =SUM(E8+E21) -> 1375.8
A8: 00010000000000000000 | B8: НАЛОГОВЫЕ И НЕНАЛОГОВЫЕ ДОХОДЫ | C8: =C9+C12+C14+C19+C17 -> 961.4 | D8: =D9+D12+D14+D19 -> 728.9 | E8: =E9+E12+E14+E19 -> 577.4
A9: 00010100000000000000 | B9: НАЛОГИ НА ПРИБЫЛЬ, ДОХОДЫ | C9: =SUM(C10) -> 30 | D9: =SUM(D10) -> 32.7 | E9: =SUM(E10) -> 35
A10: 00010102000010000110 | B10: Налог на доходы физических лиц | C10: =SUM(C11) -> 30 | D10: =SUM(D11) -> 32.7 | E10: =SUM(E11) -> 35
A11: 18210102010010000110 | B11: Налог на доходы физических лиц с доходов, источником которых является налоговый агент, за исключением доходов, в отношении которых исчисление и уплата налога осуществляются в соответствии со статьями 227, 2271 и 228 Налогового кодекса Российской Федерации | C11: 30 | D11: 32.7 | E11: 35
A12: 00010600000000000000 | B12: НАЛОГИ НА ИМУЩЕСТВО | C12: =SUM(C13) -> 45 | D12: =SUM(D13) -> 45 | E12: =SUM(E13) -> 46
A13: 18210601030100000110 | B13: Налог на имущество физических лиц, взимаемый по ставкам, применяемым к объектам налогообложения, расположенным в границах сельских поселений | C13: 45 | D13: 45 | E13: 46
A14: 00010606000000000110 | B14: Земельный налог | C14: =SUM(C15+C16) -> 492.4 | D14: =SUM(D15+D16) -> 494.4 | E14: =SUM(E15+E16) -> 496.4
A15: 18210606033100000110 | B15: Земельный налог с организаций, обладающих земельным участком, расположенным в границах сельских поселений | C15: 355 | D15: 355 | E15: 355
A16: 18210606043100000110 | B16: Земельный налог с физических лиц, обладающих земельным участком, расположенным в границах сельских поселений | C16: 137.4 | D16: 139.4 | E16: 141.4
A17: 00011100000000000000 | B17: ДОХОДЫ ОТ ИСПОЛЬЗОВАНИЯ ИМУЩЕСТВА, НАХОДЯЩЕГОСЯ В ГОСУДАРСТВЕННОЙ И МУНИЦИПАЛЬНОЙ СОБСТВЕННОСТИ | C17: =C18 -> 99 | D17: =D18 -> 0 | E17: =E18 -> 0
A18: 91911105025100000120 | B18: Доходы, получаемые в виде арендной платы, а также средства от продажи права на заключение договоров аренды за земли, находящиеся в собственности сельских поселений (за исключением земельных участков муниципальных бюджетных и автономных учреждений) | C18: 99 | D18: 0 | E18: 0
A19: 00011400000000000000 | B19: ДОХОДЫ ОТ ПРОДАЖИ МАТЕРИАЛЬНЫХ И НЕМАТЕРИАЛЬНЫХ АКТИВОВ | C19: =SUM(C20) -> 295 | D19: =SUM(D20) -> 156.8 | E19: =SUM(E20) -> 0
A20: 91911406025100000430 | B20: Доходы от продажи земельных участков, находящихся в собственности сельских поселений (за исключением земельных участков муниципальных бюджетных и автономных учреждений) | C20: =150+145 -> 295 | D20: 156.8 | E20: 0
A21: 00020200000000000000 | B21: БЕЗВОЗМЕЗДНЫЕ ПОСТУПЛЕНИЯ ОТ ДРУГИХ БЮДЖЕТОВ БЮДЖЕТНОЙ СИСТЕМЫ РОССИЙСКОЙ ФЕДЕРАЦИИ | C21: =C22+C24+C26+C29 -> 1782.287 | D21: =D22+D24+D26+D29 -> 746.6 | E21: =E22+E24+E26+E29 -> 798.4
A22: 00020210000000000150 | B22: Дотации бюджетам бюджетной системы Российской Федерации | C22: =C23 -> 359.4 | D22: =D23 -> 0 | E22: =E23 -> 0
A23: 91920215002100000150 | B23: Дотации бюджетам сельских поселений на поддержку мер по обеспечению сбалансированности бюджетов | C23: 359.4 | D23: 0 | E23: 0
A24: 00020220000000000150 | B24: Субсидии бюджетам бюджетной системы Российской Федерации (межбюджетные субсидии) | C24: =C25 -> 283.85 | D24: =D25 -> 0 | E24: =E25 -> 0
A25: 91920229999100000150 | B25: Прочие субсидии бюджетам сельских поселений | C25: =145.7+43.2-6.75+101.7 -> 283.85 | D25: 0 | E25: 0
A26: 00020230000000000150 | B26: Субвенции бюджетам бюджетной системы Российской Федерации | C26: =SUM(C27+C28) -> 109.6 | D26: =SUM(D27+D28) -> 114.7 | E26: =SUM(E27+E28) -> 119
A27: 91920230024100000150 | B27: Субвенции на осуществление государственных полномочий Республики Мордовия по определению перечня должностных лиц, уполномоченных составлять протоколы об административных правонарушениях, предусмотренных Законом Республики Мордовия от 15 июня 2015 года № 38-З "Об административной ответственности на территории Республики Мордовия" | C27: 0.3 | D27: 0.3 | E27: 0.3
A28: 91920235118100000150 | B28: Субвенции бюджетам сельских поселений на осуществление первичного воинского учета на территориях, где отсутствуют военные комиссариаты | C28: 109.3 | D28: 114.4 | E28: 118.7
A29: 00020240000000000150 | B29: Иные межбюджетные трансферты | C29: =C30+C31 -> 1029.437 | D29: =D30+D31 -> 631.9 | E29: =E30+E31 -> 679.4
A30: 91920240014100000150 | B30: Межбюджетные трансферты, передаваемые бюджетам сельских поселений из бюджетов муниципальных районов на осуществление части полномочий по решению вопросов местного значения в соответствии с заключенными соглашениями | C30: =537.2+30+250+95+80 -> 992.2 | D30: =569.8+30+32.1 -> 631.9 | E30: =592.6+30+56.8 -> 679.4
A31: 91920249999100000150 | B31: Прочие межбюджетные трансферты, передаваемые бюджетам сельских поселений | C31: 37.237 | D31: 0 | E31: 0
A32: 00020700000000000000 | B32: ПРОЧИЕ БЕЗВОЗМЕЗДНЫЕ ПОСТУПЛЕНИЯ | C32: =C33 -> 15 | D32: =D33 -> 0 | E32: =E33 -> 0
A33: 91920705030100000150 | B33: Прочие безвозмездные поступления в бюджеты сельских поселений | C33: 15 | D33: 0 | E33: 0

Sheet Прил 2
J1: Приложение 2 к решению Совета депутатов Пушкинского сельского поселения "О бюджете Пушкинского сельского поселения Кадошкинского муниципального района Республики Мордовия на 2023год и на плановый период 2024 и 2025 годов"
A2: ВЕДОМСТВЕННАЯ СТРУКТУРА РАСХОДОВ БЮДЖЕТА ПУШКИНСКОГО СЕЛЬСКОГО ПОСЕЛЕНИЯ КАДОШКИНСКОГО МУНИЦИПАЛЬНОГО РАЙОНА РЕСПУБЛИКИ МОРДОВИЯ НА 2023 ГОД И НА ПЛАНОВЫЙ ПЕРИОД 2024 И 2025 ГОДОВ
L3: (тыс. рублей)
A4: Наименование | B4: Адм | C4: Рз | D4: Прз | E4: Цср | I4: Вр | J4: Сумма
J5: 2023 год | K5: 2024 год | L5: 2025 год
A6: 1 | B6: 2 | C6: 3 | D6: 4 | E6: 5 | F6: 6 | G6: 7 | H6: 8 | I6: 9 | J6: 10 | K6: 11 | L6: 12
A7: ВСЕГО | J7: =J8 -> 3058.658 | K7: =K8 -> 1475.492 | L7: =L8 -> 1375.8
A8: Администрация Пушкинского сельского поселения Кадошкинского муниципального района Республики Мордовия | B8: 919 | J8: =J9+J60+J87+J103+J124+J131+J69 -> 3058.658 | K8: =K9+K60+K87+K103+K124+K131+K144+K69 -> 1475.492 | L8: =L9+L60+L87+L103+L124+L131+L144+L69 -> 1375.8
A9: Общегосударственные вопросы | B9: 919 | C9: 01 | J9: =J10+J19+J40+J46 -> 1314.749 | K9: =K10+K19+K40+K46 -> 420.6 | L9: =L10+L19+L40+L46 -> 268.5
A10: Функционирование высшего должностного лица субъекта Российской Федерации и муниципального образования | B10: 919 | C10: 01 | D10: 02 | J10: =J11 -> 446.9 | K10: =K11 -> 175.9 | L10: =L11 -> 99.5
A11: Обеспечение деятельности администрации | B11: 919 | C11: 01 | D11: 02 | E11: 65 | J11: =J12 -> 446.9 | K11: =K12 -> 175.9 | L11: =L12 -> 99.5
A12: Высшее должностное лицо | B12: 919 | C12: 01 | D12: 02 | E12: 65 | F12: 1 | J12: =J13+J16 -> 446.9 | K12: =K13+K16 -> 175.9 | L12: =L13+L16 -> 99.5
A13: Расходы на выплаты по оплате труда высшего должностного лица | B13: 919 | C13: 01 | D13: 02 | E13: 65 | F13: 1 | G13: 00 | H13: 41150 | J13: =J14 -> 352.9 | K13: =K14 -> 175.9 | L13: =L14 -> 99.5
A14: Расходы на выплаты персоналу в целях обеспечения выполнения функций государственными (муниципальными) органами, казенными учреждениями, органами управления государственными внебюджетными фондами | B14: 919 | C14: 01 | D14: 02 | E14: 65 | F14: 1 | G14: 00 | H14: 41150 | I14: 100 | J14: =J15 -> 352.9 | K14: =K15 -> 175.9 | L14: =L15 -> 99.5
A15: Расходы на выплаты персоналу государственных (муниципальных) органов | B15: 919 | C15: 01 | D15: 02 | E15: 65 | F15: 1 | G15: 00 | H15: 41150 | I15: 120 | J15: =292.8+60-0.9-10-10+47-6-20 -> 352.9 | K15: =176.4-0.5 -> 175.9 | L15: =100-0.5 -> 99.5
A16: Субсидии на софинансирование расходных обязательств по финансовому обеспечению деятельности органов местного самоуправления и муниципальных учреждений | B16: 919 | C16: 01 | D16: 02 | E16: 65 | F16: 1 | G16: 00 | H16: 44205 | J16: =J17 -> 94 | K16: =K17 -> 0 | L16: =L17 -> 0
A17: Расходы на выплаты персоналу в целях обеспечения выполнения функций государственными (муниципальными) органами, казенными учреждениями, органами управления государственными внебюджетными фондами | B17: 919 | C17: 01 | D17: 02 | E17: 65 | F17: 1 | G17: 00 | H17: 44205 | I17: 100 | J17: =J18 -> 94 | K17: =K18 -> 0 | L17: =L18 -> 0
A18: Расходы на выплаты персоналу государственных (муниципальных) органов | B18: 919 | C18: 01 | D18: 02 | E18: 65 | F18: 1 | G18: 00 | H18: 44205 | I18: 120 | J18: =44+50 -> 94 | K18: 0 | L18: 0
A19: Функционирование Правительства Российской Федерации, высших органов исполнительной власти субъектов Российской Федерации, местных администраций | B19: 919 | C19: 01 | D19: 04 | J19: =J20+J35 -> 850.721 | K19: =K20+K35 -> 237.2 | L19: =L20+L35 -> 161.5
A20: Обеспечение деятельности администрации | B20: 919 | C20: 01 | D20: 04 | E20: 65 | J20: =J21 -> 850.421 | K20: =K21 -> 236.9 | L20: =L21 -> 161.2
A21: Непрограммные расходы в рамках обеспечения деятельности администрации | B21: 919 | C21: 01 | D21: 04 | E21: 65 | F21: 2 | J21: =J23+J25+J30 -> 850.421 | K21: =K23+K25 -> 236.9 | L21: =L23+L25 -> 161.2
A22: Расходы на выплаты по оплате труда работников органов местного самоуправления | B22: 919 | C22: 01 | D22: 04 | E22: 65 | F22: 2 | G22: 00 | H22: 41110 | J22: =J23 -> 358.023 | K22: =K23 -> 204.4 | L22: =L23 -> 130
A23: Расходы на выплаты персоналу в целях обеспечения выполнения функций государственными (муниципальными) органами, казенными учреждениями, органами управления государственными внебюджетными фондами | B23: 919 | C23: 01 | D23: 04 | E23: 65 | F23: 2 | G23: 00 | H23: 41110 | I23: 100 | J23: =J24 -> 358.023 | K23: =K24 -> 204.4 | L23: =L24 -> 130
A24: Расходы на выплаты персоналу государственных (муниципальных) органов | B24: 919 | C24: 01 | D24: 04 | E24: 65 | F24: 2 | G24: 00 | H24: 41110 | I24: 120 | J24: =274.3+60+1.75+40-1.027-17 -> 358.023 | K24: 204.4 | L24: 130 | M24: -17
A25: Расходы на обеспечение функций органов местного самоуправления | B25: 919 | C25: 01 | D25: 04 | E25: 65 | F25: 2 | G25: 00 | H25: 41120 | J25: =J26+J28 -> 336.5 | K25: =K26+K28 -> 32.5 | L25: =L26+L28 -> 31.2
A26: Закупка товаров, работ и услуг для обеспечения государственных (муниципальных) нужд | B26: 919 | C26: 01 | D26: 04 | E26: 65 | F26: 2 | G26: 00 | H26: 41120 | I26: 200 | J26: =J27 -> 301 | K26: =K27 -> 20.5 | L26: =L27 -> 19.2
A27: Иные закупки товаров, работ и услуг для обеспечения государственных (муниципальных) нужд | B27: 919 | C27: 01 | D27: 04 | E27: 65 | F27: 2 | G27: 00 | H27: 41120 | I27: 240 | J27: =94+50+30+10+59+6+15+20+17 -> 301 | K27: 20.5 | L27: 19.2 | M27: +17
A28: Иные бюджетные ассигнования | B28: 919 | C28: 01 | D28: 04 | E28: 65 | F28: 2 | G28: 00 | H28: 41120 | I28: 800 | J28: =J29 -> 35.5 | K28: =K29 -> 12 | L28: =L29 -> 12
A29: Уплата налогов, сборов и иных платежей | B29: 919 | C29: 01 | D29: 04 | E29: 65 | F29: 2 | G29: 00 | H29: 41120 | I29: 850 | J29: 35.5 | K29: 12 | L29: 12
A30: Субсидии на софинансирование расходных обязательств по финансовому обеспечению деятельности органов местного самоуправления и муниципальных учреждений | B30: 919 | C30: 01 | D30: 04 | E30: 65 | F30: 2 | G30: 00 | H30: 44205 | J30: =J31+J33 -> 155.898 | K30: =K31+K33 -> 0 | L30: =L31+L33 -> 0
A31: Расходы на выплаты персоналу в целях обеспечения выполнения функций государственными (муниципальными) органами, казенными учреждениями, органами управления государственными внебюджетными фондами | B31: 919 | C31: 01 | D31: 04 | E31: 65 | F31: 2 | G31: 00 | H31: 44205 | I31: 100 | J31: =J32 -> 149.898 | K31: =K32 -> 0 | L31: =L32 -> 0
A32: Расходы на выплаты персоналу государственных (муниципальных) органов | B32: 919 | C32: 01 | D32: 04 | E32: 65 | F32: 2 | G32: 00 | H32: 44205 | I32: 120 | J32: =103.171+46.727 -> 149.898 | K32: 0 | L32: 0
A33: Иные бюджетные ассигнования | B33: 919 | C33: 01 | D33: 04 | E33: 65 | F33: 2 | G33: 00 | H33: 44205 | I33: 800 | J33: =J34 -> 6 | K33: =K34 -> 0 | L33: =L34 -> 0
A34: Уплата налогов, сборов и иных платежей | B34: 919 | C34: 01 | D34: 04 | E34: 65 | F34: 2 | G34: 00 | H34: 44205 | I34: 850 | J34: 6 | K34: 0 | L34: 0
A35: Непрограммные расходы главных распорядителей средств бюджета Пушкинского сельского поселения Кадошкинского муниципального района Республики Мордовия | B35: 919 | C35: 01 | D35: 04 | E35: 89 | J35: =J36 -> 0.3 | K35: =K36 -> 0.3 | L35: =L36 -> 0.3
A36: Непрограммные расходы в рамках обеспечения деятельности главных распорядителей средств бюджета Пушкинского сельского поселения Кадошкинского муниципального района Республики Мордовия | B36: 919 | C36: 01 | D36: 04 | E36: 89 | F36: 1 | J36: =J37 -> 0.3 | K36: =K37 -> 0.3 | L36: =L37 -> 0.3
A37: Осуществление государственных полномочий Республики Мордовия по определению перечня должностных лиц, уполномоченных составлять протоколы об административных правонарушениях, предусмотренных Законом Республики Мордовия от 15 июня 2015 года № 38-З "Об административной ответственности на территории Республики Мордовия" | B37: 919 | C37: 01 | D37: 04 | E37: 89 | F37: 1 | G37: 00 | H37: 77150 | J37: =J38 -> 0.3 | K37: =K38 -> 0.3 | L37: =L38 -> 0.3
A38: Закупка товаров, работ и услуг для обеспечения государственных (муниципальных) нужд | B38: 919 | C38: 01 | D38: 04 | E38: 89 | F38: 1 | G38: 00 | H38: 77150 | I38: 200 | J38: =J39 -> 0.3 | K38: =K39 -> 0.3 | L38: =L39 -> 0.3
A39: Иные закупки товаров, работ и услуг для обеспечения государственных (муниципальных) нужд | B39: 919 | C39: 01 | D39: 04 | E39: 89 | F39: 1 | G39: 00 | H39: 77150 | I39: 240 | J39: 0.3 | K39: 0.3 | L39: 0.3
A40: Резервные фонды | B40: 919 | C40: 01 | D40: 11 | J40: =J41 -> 4.628 | K40: =K41 -> 5 | L40: =L41 -> 5
A41: Непрограммные расходы главных распорядителей средств бюджета Пушкинского сельского поселения Кадошкинского муниципального района Республики Мордовия | B41: 919 | C41: 01 | D41: 11 | E41: 89 | J41: =J42 -> 4.628 | K41: =K42 -> 5 | L41: =L42 -> 5
A42: Непрограммные расходы в рамках обеспечения деятельности главных распорядителей средств бюджета Пушкинского сельского поселения Кадошкинского муниципального района Республики Мордовия | B42: 919 | C42: 01 | D42: 11 | E42: 89 | F42: 1 | J42: =J43 -> 4.628 | K42: =K43 -> 5 | L42: =L43 -> 5
A43: Резервный фонд администрации Пушкинского сельского поселения Кадошкинского муниципального района Республики Мордовия | B43: 919 | C43: 01 | D43: 11 | E43: 89 | F43: 1 | G43: 00 | H43: 41180 | J43: =J44 -> 4.628 | K43: =K44 -> 5 | L43: =L44 -> 5
A44: Иные бюджетные ассигнования | B44: 919 | C44: 01 | D44: 11 | E44: 89 | F44: 1 | G44: 00 | H44: 41180 | I44: 800 | J44: =J45 -> 4.628 | K44: =K45 -> 5 | L44: =L45 -> 5
A45: Резервные средства | B45: 919 | C45: 01 | D45: 11 | E45: 89 | F45: 1 | G45: 00 | H45: 41180 | I45: 870 | J45: =5-0.372 -> 4.628 | K45: 5 | L45: 5
A46: Другие общегосударственные вопросы | B46: 919 | C46: 01 | D46: 13 | J46: =J47+J51+J55 -> 12.5 | K46: =K47+K51 -> 2.5 | L46: =L47+L51 -> 2.5
A47: Муниципальная программа «Пожарная безопасность на территории Пушкинского сельского поселения Кадошкинского муниципального района Республики Мордовия на 2023-2025 годы» | B47: 919 | C47: 01 | D47: 13 | E47: 08 | J47: =J48 -> 0.5 | K47: =K48 -> 0.5 | L47: =L48 -> 0.5
A48: Мероприятия по обеспечению пожарной безопасности | B48: 919 | C48: 01 | D48: 13 | E48: 08 | F48: 0 | G48: 00 | H48: 42120 | J48: =J49 -> 0.5 | K48: =K49 -> 0.5 | L48: =L49 -> 0.5
A49: Закупка товаров, работ и услуг для обеспечения государственных (муниципальных) нужд | B49: 919 | C49: 01 | D49: 13 | E49: 08 | F49: 0 | G49: 00 | H49: 42120 | I49: 200 | J49: =J50 -> 0.5 | K49: =K50 -> 0.5 | L49: =L50 -> 0.5
A50: Иные закупки товаров, работ и услуг для обеспечения государственных (муниципальных) нужд | B50: 919 | C50: 01 | D50: 13 | E50: 08 | F50: 0 | G50: 00 | H50: 42120 | I50: 240 | J50: 0.5 | K50: 0.5 | L50: 0.5
A51: Муниципальная программа «Использование и охрана земель на территории Пушкинского сельского поселения Кадошкинского муниципального района Республики Мордовия на 2023-2025 годы» | B51: 919 | C51: 01 | D51: 13 | E51: 11 | J51: =J52 -> 2 | K51: =K52 -> 2 | L51: =L52 -> 2
A52: Мероприятия, связанные с муниципальным управлением | B52: 919 | C52: 01 | D52: 13 | E52: 11 | F52: 0 | G52: 00 | H52: 41210 | J52: =J53 -> 2 | K52: =K53 -> 2 | L52: =L53 -> 2
A53: Закупка товаров, работ и услуг для обеспечения государственных (муниципальных) нужд | B53: 919 | C53: 01 | D53: 13 | E53: 11 | F53: 0 | G53: 00 | H53: 41210 | I53: 200 | J53: =J54 -> 2 | K53: =K54 -> 2 | L53: =L54 -> 2
A54: Иные закупки товаров, работ и услуг для обеспечения государственных (муниципальных) нужд | B54: 919 | C54: 01 | D54: 13 | E54: 11 | F54: 0 | G54: 00 | H54: 41210 | I54: 240 | J54: 2 | K54: 2 | L54: 2
A55: Непрограммные расходы главных распорядителей средств бюджета Пушкинского сельского поселения Кадошкинского муниципального района Республики Мордовия | B55: 919 | C55: 01 | D55: 13 | E55: 89 | J55: =J56 -> 10 | K55: =K56 -> 0 | L55: =L56 -> 0
A56: Непрограммные расходы в рамках обеспечения деятельности главных распорядителей средств бюджета Пушкинского сельского поселения Кадошкинского муниципального района Республики Мордовия | B56: 919 | C56: 01 | D56: 13 | E56: 89 | F56: 1 | J56: =J57 -> 10 | K56: =K57 -> 0 | L56: =L57 -> 0
A57: Мероприятия, связанные с муниципальным управлением | B57: 919 | C57: 01 | D57: 13 | E57: 89 | F57: 1 | G57: 00 | H57: 41210 | J57: =J58 -> 10 | K57: =K58 -> 0 | L57: =L58 -> 0
A58: Закупка товаров, работ и услуг для обеспечения государственных (муниципальных) нужд | B58: 919 | C58: 01 | D58: 13 | E58: 89 | F58: 1 | G58: 00 | H58: 41210 | I58: 200 | J58: =J59 -> 10 | K58: =K59 -> 0 | L58: =L59 -> 0
A59: Иные закупки товаров, работ и услуг для обеспечения государственных (муниципальных) нужд | B59: 919 | C59: 01 | D59: 13 | E59: 89 | F59: 1 | G59: 00 | H59: 41210 | I59: 240 | J59: 10 | K59: 0 | L59: 0
A60: Национальная оборона | B60: 919 | C60: 02 | J60: =J61 -> 109.3 | K60: =K61 -> 114.4 | L60: =L61 -> 118.7
A61: Мобилизационная и вневойсковая подготовка | B61: 919 | C61: 02 | D61: 03 | J61: =J64 -> 109.3 | K61: =K64 -> 114.4 | L61: =L64 -> 118.7
A62: Непрограммные расходы главных распорядителей средств бюджета Пушкинского сельского поселения Кадошкинского муниципального района Республики Мордовия | B62: 919 | C62: 02 | D62: 03 | E62: 89 | J62: =J63 -> 109.3 | K62: =K63 -> 114.4 | L62: =L63 -> 118.7
A63: Непрограммные расходы в рамках обеспечения деятельности главных распорядителей средств бюджета Пушкинского сельского поселения Кадошкинского муниципального района Республики Мордовия | B63: 919 | C63: 02 | D63: 03 | E63: 89 | F63: 1 | J63: =J64 -> 109.3 | K63: =K64 -> 114.4 | L63: =L64 -> 118.7
A64: Осуществление государственных полномочий Российской Федерации о первичному воинскому учету на территориях, где отсутствуют военные комиссариаты | B64: 919 | C64: 02 | D64: 03 | E64: 89 | F64: 1 | G64: 00 | H64: 51180 | J64: =J65+J67 -> 109.3 | K64: =K65+K67 -> 114.4 | L64: =L65+L67 -> 118.7
A65: Расходы на выплаты персоналу в целях обеспечения выполнения функций государственными (муниципальными) органами, казенными учреждениями, органами управления государственными внебюджетными фондами | B65: 919 | C65: 02 | D65: 03 | E65: 89 | F65: 1 | G65: 00 | H65: 51180 | I65: 100 | J65: =J66 -> 105.3 | K65: =K66 -> 110.4 | L65: =L66 -> 114.7
A66: Расходы на выплаты персоналу государственных (муниципальных) органов | B66: 919 | C66: 02 | D66: 03 | E66: 89 | F66: 1 | G66: 00 | H66: 51180 | I66: 120 | J66: 105.3 | K66: 110.4 | L66: 114.7
A67: Закупка товаров, работ и услуг для обеспечения государственных (муниципальных) нужд | B67: 919 | C67: 02 | D67: 03 | E67: 89 | F67: 1 | G67: 00 | H67: 51180 | I67: 200 | J67: =J68 -> 4 | K67: =K68 -> 4 | L67: =L68 -> 4
A68: Иные закупки товаров, работ и услуг для обеспечения государственных (муниципальных) нужд | B68: 919 | C68: 02 | D68: 03 | E68: 89 | F68: 1 | G68: 00 | H68: 51180 | I68: 240 | J68: 4 | K68: 4 | L68: 4
A69: Национальная безопасность и правоохранительная деятельность | B69: 919 | C69: 03 | J69: =J70+J82 -> 88.109 | K69: =K70+K82 -> 0.5 | L69: =L70+L82 -> 0.5
A70: Защита населения и территории от чрезвычайных ситуаций природного и техногенного характера, пожарная безопасность | B70: 919 | C70: 03 | D70: 10 | J70: =J71 -> 87.609 | K70: =K71 -> 0 | L70: =L71 -> 0
A71: Непрограммные расходы главных распорядителей средств бюджета Пушкинского сельского поселения Кадошкинского муниципального района Республики Мордовия | B71: 919 | C71: 03 | D71: 10 | E71: 89 | J71: =J72 -> 87.609 | K71: =K72 -> 0 | L71: =L72 -> 0
A72: Непрограммные расходы в рамках обеспечения деятельности главных распорядителей средств бюджета Пушкинского сельского поселения Кадошкинского муниципального района Республики Мордовия | B72: 919 | C72: 03 | D72: 10 | E72: 89 | F72: 1 | J72: =J73+J76+J79 -> 87.609 | K72: =K73+K76+K79 -> 0 | L72: =L73+L76+L79 -> 0
A73: Мероприятия по обеспечению пожарной безопасности | B73: 919 | C73: 03 | D73: 10 | E73: 89 | F73: 1 | G73: 00 | H73: 42120 | J73: =J74 -> 50 | K73: =K74 -> 0 | L73: =L74 -> 0
A74: Закупка товаров, работ и услуг для обеспечения государственных (муниципальных) нужд | B74: 919 | C74: 03 | D74: 10 | E74: 89 | F74: 1 | G74: 00 | H74: 42120 | I74: 200 | J74: =J75 -> 50 | K74: =K75 -> 0 | L74: =L75 -> 0
A75: Иные закупки товаров, работ и услуг для обеспечения государственных (муниципальных) нужд | B75: 919 | C75: 03 | D75: 10 | E75: 89 | F75: 1 | G75: 00 | H75: 42120 | I75: 240 | J75: 50 | K75: 0 | L75: 0
A76: Резервный фонд администрации Пушкинского сельского поселения Кадошкинского муниципального района Республики Мордовия | B76: 919 | C76: 03 | D76: 10 | E76: 89 | F76: 1 | G76: 00 | H76: 41180 | J76: =J77 -> 0.372 | K76: =K77 -> 0 | L76: =L77 -> 0
A77: Закупка товаров, работ и услуг для обеспечения государственных (муниципальных) нужд | B77: 919 | C77: 03 | D77: 10 | E77: 89 | F77: 1 | G77: 00 | H77: 41180 | I77: 200 | J77: =J78 -> 0.372 | K77: =K78 -> 0 | L77: =L78 -> 0
A78: Иные закупки товаров, работ и услуг для обеспечения государственных (муниципальных) нужд | B78: 919 | C78: 03 | D78: 10 | E78: 89 | F78: 1 | G78: 00 | H78: 41180 | I78: 240 | J78: 0.372 | K78: 0 | L78: 0
A79: Резервный фонд Правительства Республики Мордовия | B79: 919 | C79: 03 | D79: 10 | E79: 89 | F79: 1 | G79: 00 | H79: 80190 | J79: =J80 -> 37.237 | K79: =K80 -> 0 | L79: =L80 -> 0
A80: Закупка товаров, работ и услуг для обеспечения государственных (муниципальных) нужд | B80: 919 | C80: 03 | D80: 10 | E80: 89 | F80: 1 | G80: 00 | H80: 80190 | I80: 200 | J80: =J81 -> 37.237 | K80: =K81 -> 0 | L80: =L81 -> 0
A81: Иные закупки товаров, работ и услуг для обеспечения государственных (муниципальных) нужд | B81: 919 | C81: 03 | D81: 10 | E81: 89 | F81: 1 | G81: 00 | H81: 80190 | I81: 240 | J81: 37.237 | K81: 0 | L81: 0
A82: Другие вопросы в области национальной безопасности и правоохранительной деятельности | B82: 919 | C82: 03 | D82: 14 | J82: =J83 -> 0.5 | K82: =K83 -> 0.5 | L82: =L83 -> 0.5
A83: Муниципальную программу "Профилактика наркомании и токсикомании на территории Пушкинского сельского поселения на 2023-2025 годы" | B83: 919 | C83: 03 | D83: 14 | E83: 20 | J83: =J84 -> 0.5 | K83: =K84 -> 0.5 | L83: =L84 -> 0.5
A84: Мероприятия в области противодействия злоупотреблению наркотиками и их незаконному обороту | B84: 919 | C84: 03 | D84: 14 | E84: 20 | F84: 0 | G84: 00 | H84: 42100 | J84: =J85 -> 0.5 | K84: =K85 -> 0.5 | L84: =L85 -> 0.5
A85: Закупка товаров, работ и услуг для обеспечения государственных (муниципальных) нужд | B85: 919 | C85: 03 | D85: 14 | E85: 20 | F85: 0 | G85: 00 | H85: 42100 | I85: 200 | J85: =J86 -> 0.5 | K85: =K86 -> 0.5 | L85: =L86 -> 0.5
A86: Иные закупки товаров, работ и услуг для обеспечения государственных (муниципальных) нужд | B86: 919 | C86: 03 | D86: 14 | E86: 20 | F86: 0 | G86: 00 | H86: 42100 | I86: 240 | J86: 0.5 | K86: 0.5 | L86: 0.5
A87: Национальная экономика | B87: 919 | C87: 04 | J87: =J88+J97 -> 972.2 | K87: =K88 -> 601.892 | L87: =L88 -> 649.4
A88: Дорожное хозяйство (дорожные фонды) | B88: 919 | C88: 04 | D88: 09 | J88: =J89+J93 -> 632.2 | K88: =K89+K93 -> 601.892 | L88: =L89+L93 -> 649.4
A89: Программа комплексного развития транспортной инфраструктуры Пушкинского сельского поселения Кадошкинского муниципального района Республики Мордовия на 2017-2025 годы | B89: 919 | C89: 04 | D89: 09 | E89: 13 | J89: =J90 -> 583.5 | K89: =K90 -> 531.212 | L89: =L90 -> 624.44
A90: Иные межбюджетные трансферты на осуществление полномочий по дорожной деятельности в отношении автомобильных дорог местного значения в границах населенных пунктов поселения и обеспечению безопасности дорожного движения на них, включая создание и обеспечение функционирования парковок (парковочных мест), осуществлению муниципального контроля за сохранностью автомобильных дорог местного значения в границах населенных пунктов поселения, организации дорожного движения, а также осуществлению иных полномочий в области использования автомобильных дорог и осуществления дорожной деятельности в соответствии с законодательством Российской Федерации | B90: 919 | C90: 04 | D90: 09 | E90: 13 | F90: 0 | G90: 00 | H90: 44102 | J90: =J91 -> 583.5 | K90: =K91 -> 531.212 | L90: =L91 -> 624.44
A91: Закупка товаров, работ и услуг для обеспечения государственных (муниципальных) нужд | B91: 919 | C91: 04 | D91: 09 | E91: 13 | F91: 0 | G91: 00 | H91: 44102 | I91: 200 | J91: =J92 -> 583.5 | K91: =K92 -> 531.212 | L91: =L92 -> 624.44
A92: Иные закупки товаров, работ и услуг для обеспечения государственных (муниципальных) нужд | B92: 919 | C92: 04 | D92: 09 | E92: 13 | F92: 0 | G92: 00 | H92: 44102 | I92: 240 | J92: =496.04+95-7.54 -> 583.5 | K92: =499.112+32.1 -> 531.212 | L92: =567.64+56.8 -> 624.44
A93: Муниципальная программа «Оформление в собственность автомобильных дорог общего пользования местного значения в границах населенных пунктов на территории Пушкинского сельского поселения Кадошкинского муниципального района Республики Мордовия в 2023-2025 годах» | B93: 919 | C93: 04 | D93: 09 | E93: 14 | J93: =J94 -> 48.7 | K93: =K94 -> 70.68 | L93: =L94 -> 24.96
A94: Иные межбюджетные трансферты на осуществление полномочий по дорожной деятельности в отношении автомобильных дорог местного значения в границах населенных пунктов поселения и обеспечению безопасности дорожного движения на них, включая создание и обеспечение функционирования парковок (парковочных мест), осуществлению муниципального контроля за сохранностью автомобильных дорог местного значения в границах населенных пунктов поселения, организации дорожного движения, а также осуществлению иных полномочий в области использования автомобильных дорог и осуществления дорожной деятельности в соответствии с законодательством Российской Федерации | B94: 919 | C94: 04 | D94: 09 | E94: 14 | F94: 0 | G94: 01 | H94: 44102 | J94: =J95 -> 48.7 | K94: =K95 -> 70.68 | L94: =L95 -> 24.96
A95: Закупка товаров, работ и услуг для обеспечения государственных (муниципальных) нужд | B95: 919 | C95: 04 | D95: 09 | E95: 14 | F95: 0 | G95: 01 | H95: 44102 | I95: 200 | J95: =J96 -> 48.7 | K95: =K96 -> 70.68 | L95: =L96 -> 24.96
A96: Иные закупки товаров, работ и услуг для обеспечения государственных (муниципальных) нужд | B96: 919 | C96: 04 | D96: 09 | E96: 14 | F96: 0 | G96: 01 | H96: 44102 | I96: 240 | J96: =41.16+7.54 -> 48.7 | K96: 70.68 | L96: 24.96
A97: Другие вопросы в области национальной экономики | B97: 919 | C97: 04 | D97: 12 | J97: =J98 -> 340 | K97: =K98 -> 0 | L97: =L98 -> 0
A98: Непрограммные расходы главных распорядителей средств бюджета Пушкинского сельского поселения Кадошкинского муниципального района Республики Мордовия | B98: 919 | C98: 04 | D98: 12 | E98: 89 | J98: =J99 -> 340 | K98: =K99 -> 0 | L98: =L99 -> 0
A99: Непрограммные расходы в рамках обеспечения деятельности главных распорядителей средств бюджета Пушкинского сельского поселения Кадошкинского муниципального района Республики Мордовия | B99: 919 | C99: 04 | D99: 12 | E99: 89 | F99: 1 | J99: =J100 -> 340 | K99: =K100 -> 0 | L99: =L100 -> 0
A100: Иные межбюджетные трансферты на осуществление полномочий по утверждению генеральных планов поселения, правил землепользования и застройки, утверждению подготовленной на основе генеральных планов поселения документации по планировке территории, выдаче градостроительного плана земельного участка, расположенного в границах поселения | B100: 919 | C100: 04 | D100: 12 | E100: 89 | F100: 1 | G100: 00 | H100: 44107 | J100: =J101 -> 340 | K100: =K101 -> 0 | L100: =L101 -> 0
...

Sheet Прил 3 
I1: Приложение 3 к решению Совета депутатов Пушкинского сельского поселения "О бюджете Пушкинского сельского поселения Кадошкинского муниципального района Республики Мордовия на 2023 год и на плановый период 2024 и 2025 годов"
A2: РАСПРЕДЕЛЕНИЕ БЮДЖЕТНЫХ АССИГНОВАНИЙ БЮДЖЕТА ПУШКИНСКОГО СЕЛЬСКОГО ПОСЕЛЕНИЯ КАДОШКИНСКОГО МУНИЦИПАЛЬНОГО РАЙОНА РЕСПУБЛИКИ МОРДОВИЯ ПО РАЗДЕЛАМ, ПОДРАЗДЕЛАМ, ЦЕЛЕВЫМ СТАТЬЯМ (МУНИЦИПАЛЬНЫМ ПРОГРАММАМ И НЕПРОГРАММНЫМ НАПРАВЛЕНИЯМ ДЕЯТЕЛЬНОСТИ), ГРУППАМ И ПОДГРУППАМ ВИДОВ РАСХОДОВ КЛАССИФИКАЦИИ РАСХОДОВ БЮДЖЕТОВ НА 2023 ГОД И НА ПЛАНОВЫЙ ПЕРИОД 2024 И 2025 ГОДОВ
K3: (тыс. рублей)
A4: Наименование | B4: Рз | C4: Прз | D4: Цср | H4: Вр | I4: Сумма
I5: 2023 год | J5: 2024 год | K5: 2025 год
A6: 1 | B6: 2 | C6: 3 | D6: 4 | E6: 5 | F6: 6 | G6: 7 | H6: 8 | I6: 9 | J6: 10 | K6: 11
A7: ВСЕГО | I7: =I8+I59+I86+I102+I123+I130+I68 -> 3058.658 | J7: =J8+J59+J86+J102+J123+J130+J143+J68 -> 1475.492 | K7: =K8+K59+K86+K102+K123+K130+K143+K68 -> 1375.8
A8: Общегосударственные вопросы | B8: 01 | I8: =I9+I18+I39+I45 -> 1314.749 | J8: =J9+J18+J39+J45 -> 420.6 | K8: =K9+K18+K39+K45 -> 268.5
A9: Функционирование высшего должностного лица субъекта Российской Федерации и муниципального образования | B9: 01 | C9: 02 | I9: =I10 -> 446.9 | J9: =J10 -> 175.9 | K9: =K10 -> 99.5
A10: Обеспечение деятельности администрации | B10: 01 | C10: 02 | D10: 65 | I10: =I11 -> 446.9 | J10: =J11 -> 175.9 | K10: =K11 -> 99.5
A11: Высшее должностное лицо | B11: 01 | C11: 02 | D11: 65 | E11: 1 | I11: =I12+I15 -> 446.9 | J11: =J12 -> 175.9 | K11: =K12 -> 99.5
A12: Расходы на выплаты по оплате труда высшего должностного лица | B12: 01 | C12: 02 | D12: 65 | E12: 1 | F12: 00 | G12: 41150 | I12: =I13 -> 352.9 | J12: =J13 -> 175.9 | K12: =K13 -> 99.5
A13: Расходы на выплаты персоналу в целях обеспечения выполнения функций государственными (муниципальными) органами, казенными учреждениями, органами управления государственными внебюджетными фондами | B13: 01 | C13: 02 | D13: 65 | E13: 1 | F13: 00 | G13: 41150 | H13: 100 | I13: =I14 -> 352.9 | J13: =J14 -> 175.9 | K13: =K14 -> 99.5
A14: Расходы на выплаты персоналу государственных (муниципальных) органов | B14: 01 | C14: 02 | D14: 65 | E14: 1 | F14: 00 | G14: 41150 | H14: 120 | I14: ='Прил 2'!J15 -> 352.9 | J14: ='Прил 2'!K15 -> 175.9 | K14: ='Прил 2'!L15 -> 99.5
A15: Субсидии на софинансирование расходных обязательств по финансовому обеспечению деятельности органов местного самоуправления и муниципальных учреждений | B15: 01 | C15: 02 | D15: 65 | E15: 1 | F15: 00 | G15: 44205 | I15: =I16 -> 94 | J15: =J16 -> 0 | K15: =K16 -> 0
A16: Расходы на выплаты персоналу в целях обеспечения выполнения функций государственными (муниципальными) органами, казенными учреждениями, органами управления государственными внебюджетными фондами | B16: 01 | C16: 02 | D16: 65 | E16: 1 | F16: 00 | G16: 44205 | H16: 100 | I16: =I17 -> 94 | J16: =J17 -> 0 | K16: =K17 -> 0
A17: Расходы на выплаты персоналу государственных (муниципальных) органов | B17: 01 | C17: 02 | D17: 65 | E17: 1 | F17: 00 | G17: 44205 | H17: 120 | I17: ='Прил 2'!J18 -> 94 | J17: ='Прил 2'!K18 -> 0 | K17: ='Прил 2'!L18 -> 0
A18: Функционирование Правительства Российской Федерации, высших органов исполнительной власти субъектов Российской Федерации, местных администраций | B18: 01 | C18: 04 | I18: =I19+I34 -> 850.721 | J18: =J19+J34 -> 237.2 | K18: =K19+K34 -> 161.5
A19: Обеспечение деятельности администрации | B19: 01 | C19: 04 | D19: 65 | I19: =I20 -> 850.421 | J19: =J20 -> 236.9 | K19: =K20 -> 161.2
A20: Непрограммные расходы в рамках обеспечения деятельности администрации | B20: 01 | C20: 04 | D20: 65 | E20: 2 | I20: =I21+I24+I29 -> 850.421 | J20: =J21+J24 -> 236.9 | K20: =K21+K24 -> 161.2
A21: Расходы на выплаты по оплате труда работников органов местного самоуправления | B21: 01 | C21: 04 | D21: 65 | E21: 2 | F21: 00 | G21: 41110 | I21: =I22 -> 358.023 | J21: =J22 -> 204.4 | K21: =K22 -> 130
A22: Расходы на выплаты персоналу в целях обеспечения выполнения функций государственными (муниципальными) органами, казенными учреждениями, органами управления государственными внебюджетными фондами | B22: 01 | C22: 04 | D22: 65 | E22: 2 | F22: 00 | G22: 41110 | H22: 100 | I22: =I23 -> 358.023 | J22: =J23 -> 204.4 | K22: =K23 -> 130
A23: Расходы на выплаты персоналу государственных (муниципальных) органов | B23: 01 | C23: 04 | D23: 65 | E23: 2 | F23: 00 | G23: 41110 | H23: 120 | I23: ='Прил 2'!J24 -> 358.023 | J23: ='Прил 2'!K24 -> 204.4 | K23: ='Прил 2'!L24 -> 130
A24: Расходы на обеспечение функций органов местного самоуправления | B24: 01 | C24: 04 | D24: 65 | E24: 2 | F24: 00 | G24: 41120 | I24: =I25+I27 -> 336.5 | J24: =J25+J27 -> 32.5 | K24: =K25+K27 -> 31.2
A25: Закупка товаров, работ и услуг для обеспечения государственных (муниципальных) нужд | B25: 01 | C25: 04 | D25: 65 | E25: 2 | F25: 00 | G25: 41120 | H25: 200 | I25: =I26 -> 301 | J25: =J26 -> 20.5 | K25: =K26 -> 19.2
A26: Иные закупки товаров, работ и услуг для обеспечения государственных (муниципальных) нужд | B26: 01 | C26: 04 | D26: 65 | E26: 2 | F26: 00 | G26: 41120 | H26: 240 | I26: ='Прил 2'!J27 -> 301 | J26: ='Прил 2'!K27 -> 20.5 | K26: ='Прил 2'!L27 -> 19.2
A27: Иные бюджетные ассигнования | B27: 01 | C27: 04 | D27: 66 | E27: 2 | F27: 00 | G27: 41120 | H27: 800 | I27: =I28 -> 35.5 | J27: =J28 -> 12 | K27: =K28 -> 12
A28: Уплата налогов, сборов и иных платежей | B28: 01 | C28: 04 | D28: 66 | E28: 2 | F28: 00 | G28: 41120 | H28: 850 | I28: ='Прил 2'!J29 -> 35.5 | J28: ='Прил 2'!K29 -> 12 | K28: ='Прил 2'!L29 -> 12
A29: Субсидии на софинансирование расходных обязательств по финансовому обеспечению деятельности органов местного самоуправления и муниципальных учреждений | B29: 01 | C29: 04 | D29: 65 | E29: 2 | F29: 00 | G29: 44205 | I29: =I32+I30 -> 155.898 | J29: =J30 -> 0 | K29: =K30 -> 0
A30: Расходы на выплаты персоналу в целях обеспечения выполнения функций государственными (муниципальными) органами, казенными учреждениями, органами управления государственными внебюджетными фондами | B30: 01 | C30: 04 | D30: 65 | E30: 2 | F30: 00 | G30: 44205 | H30: 100 | I30: =I31 -> 149.898 | J30: =J31 -> 0 | K30: =K31 -> 0
A31: Расходы на выплаты персоналу государственных (муниципальных) органов | B31: 01 | C31: 04 | D31: 65 | E31: 2 | F31: 00 | G31: 44205 | H31: 120 | I31: ='Прил 2'!J32 -> 149.898 | J31: ='Прил 2'!K32 -> 0 | K31: ='Прил 2'!L32 -> 0
A32: Иные бюджетные ассигнования | B32: 01 | C32: 04 | D32: 65 | E32: 2 | F32: 00 | G32: 44205 | H32: 800 | I32: =I33 -> 6 | J32: =J33 -> 0 | K32: =K33 -> 0
A33: Уплата налогов, сборов и иных платежей | B33: 01 | C33: 04 | D33: 65 | E33: 2 | F33: 00 | G33: 44205 | H33: 850 | I33: ='Прил 2'!J34 -> 6 | J33: ='Прил 2'!K34 -> 0 | K33: ='Прил 2'!L34 -> 0
A34: Непрограммные расходы главных распорядителей средств бюджета Пушкинского сельского поселения Кадошкинского муниципального района Республики Мордовия | B34: 01 | C34: 04 | D34: 89 | I34: =I35 -> 0.3 | J34: =J35 -> 0.3 | K34: =K35 -> 0.3
A35: Непрограммные расходы в рамках обеспечения деятельности главных распорядителей средств бюджета Пушкинского сельского поселения Кадошкинского муниципального района Республики Мордовия | B35: 01 | C35: 04 | D35: 89 | E35: 1 | I35: =I36 -> 0.3 | J35: =J36 -> 0.3 | K35: =K36 -> 0.3
A36: Осуществление государственных полномочий Республики Мордовия по определению перечня должностных лиц, уполномоченных составлять протоколы об административных правонарушениях, предусмотренных Законом Республики Мордовия от 15 июня 2015 года № 38-З "Об административной ответственности на территории Республики Мордовия" | B36: 01 | C36: 04 | D36: 89 | E36: 1 | F36: 00 | G36: 77150 | I36: =I37 -> 0.3 | J36: =J37 -> 0.3 | K36: =K37 -> 0.3
A37: Закупка товаров, работ и услуг для обеспечения государственных (муниципальных) нужд | B37: 01 | C37: 04 | D37: 89 | E37: 1 | F37: 00 | G37: 77150 | H37: 200 | I37: =I38 -> 0.3 | J37: =J38 -> 0.3 | K37: =K38 -> 0.3
A38: Иные закупки товаров, работ и услуг для обеспечения государственных (муниципальных) нужд | B38: 01 | C38: 04 | D38: 89 | E38: 1 | F38: 00 | G38: 77150 | H38: 240 | I38: ='Прил 2'!J39 -> 0.3 | J38: ='Прил 2'!K39 -> 0.3 | K38: ='Прил 2'!L39 -> 0.3
A39: Резервные фонды | B39: 01 | C39: 11 | I39: =I40 -> 4.628 | J39: =J40 -> 5 | K39: =K40 -> 5
A40: Непрограммные расходы главных распорядителей средств бюджета Пушкинского сельского поселения Кадошкинского муниципального района Республики Мордовия | B40: 01 | C40: 11 | D40: 89 | I40: =I41 -> 4.628 | J40: =J41 -> 5 | K40: =K41 -> 5
A41: Непрограммные расходы в рамках обеспечения деятельности главных распорядителей средств бюджета Пушкинского сельского поселения Кадошкинского муниципального района Республики Мордовия | B41: 01 | C41: 11 | D41: 89 | E41: 1 | I41: =I42 -> 4.628 | J41: =J42 -> 5 | K41: =K42 -> 5
A42: Резервный фонд администрации Пушкинского сельского поселения Кадошкинского муниципального района Республики Мордовия | B42: 01 | C42: 11 | D42: 89 | E42: 1 | F42: 00 | G42: 41180 | I42: =I43 -> 4.628 | J42: =J43 -> 5 | K42: =K43 -> 5
A43: Иные бюджетные ассигнования | B43: 01 | C43: 11 | D43: 89 | E43: 1 | F43: 00 | G43: 41180 | H43: 800 | I43: =I44 -> 4.628 | J43: =J44 -> 5 | K43: =K44 -> 5
A44: Резервные средства | B44: 01 | C44: 11 | D44: 89 | E44: 1 | F44: 00 | G44: 41180 | H44: 870 | I44: ='Прил 2'!J45 -> 4.628 | J44: ='Прил 2'!K45 -> 5 | K44: ='Прил 2'!L45 -> 5
A45: Другие общегосударственные вопросы | B45: 01 | C45: 13 | I45: =I46+I50+I54 -> 12.5 | J45: =J46+J50 -> 2.5 | K45: =K46+K50 -> 2.5
A46: Муниципальная программа «Пожарная безопасность на территории Пушкинского сельского поселения Кадошкинского муниципального района Республики Мордовия на 2023-2025 годы» | B46: 01 | C46: 13 | D46: 08 | I46: =I47 -> 0.5 | J46: =J47 -> 0.5 | K46: =K47 -> 0.5
A47: Мероприятия по обеспечению пожарной безопасности | B47: 01 | C47: 13 | D47: 08 | E47: 0 | F47: 00 | G47: 42120 | I47: =I48 -> 0.5 | J47: =J48 -> 0.5 | K47: =K48 -> 0.5
A48: Закупка товаров, работ и услуг для обеспечения государственных (муниципальных) нужд | B48: 01 | C48: 13 | D48: 08 | E48: 0 | F48: 00 | G48: 42120 | H48: 200 | I48: =I49 -> 0.5 | J48: =J49 -> 0.5 | K48: =K49 -> 0.5
A49: Иные закупки товаров, работ и услуг для обеспечения государственных (муниципальных) нужд | B49: 01 | C49: 13 | D49: 08 | E49: 0 | F49: 00 | G49: 42120 | H49: 240 | I49: ='Прил 2'!J50 -> 0.5 | J49: ='Прил 2'!K50 -> 0.5 | K49: ='Прил 2'!L50 -> 0.5
A50: Муниципальная программа «Использование и охрана земель на территории Пушкинского сельского поселения Кадошкинского муниципального района Республики Мордовия на 2023-2025 годы» | B50: 01 | C50: 13 | D50: 11 | I50: =I51 -> 2 | J50: =J51 -> 2 | K50: =K51 -> 2
A51: Мероприятия, связанные с муниципальным управлением | B51: 01 | C51: 13 | D51: 11 | E51: 0 | F51: 00 | G51: 41210 | I51: =I52 -> 2 | J51: =J52 -> 2 | K51: =K52 -> 2
A52: Закупка товаров, работ и услуг для обеспечения государственных (муниципальных) нужд | B52: 01 | C52: 13 | D52: 11 | E52: 0 | F52: 00 | G52: 41210 | H52: 200 | I52: =I53 -> 2 | J52: =J53 -> 2 | K52: =K53 -> 2
A53: Иные закупки товаров, работ и услуг для обеспечения государственных (муниципальных) нужд | B53: 01 | C53: 13 | D53: 11 | E53: 0 | F53: 00 | G53: 41210 | H53: 240 | I53: ='Прил 2'!J54 -> 2 | J53: ='Прил 2'!K54 -> 2 | K53: ='Прил 2'!L54 -> 2
A54: Непрограммные расходы главных распорядителей средств бюджета Пушкинского сельского поселения Кадошкинского муниципального района Республики Мордовия | B54: 01 | C54: 13 | D54: 89 | I54: =I55 -> 10 | J54: =J55 -> 0 | K54: =K55 -> 0
A55: Непрограммные расходы в рамках обеспечения деятельности главных распорядителей средств бюджета Пушкинского сельского поселения Кадошкинского муниципального района Республики Мордовия | B55: 01 | C55: 13 | D55: 89 | E55: 1 | I55: =I56 -> 10 | J55: =J56 -> 0 | K55: =K56 -> 0
A56: Мероприятия, связанные с муниципальным управлением | B56: 01 | C56: 13 | D56: 89 | E56: 1 | F56: 00 | G56: 41210 | I56: =I57 -> 10 | J56: =J57 -> 0 | K56: =K57 -> 0
A57: Закупка товаров, работ и услуг для обеспечения государственных (муниципальных) нужд | B57: 01 | C57: 13 | D57: 89 | E57: 1 | F57: 00 | G57: 41210 | H57: 200 | I57: =I58 -> 10 | J57: =J58 -> 0 | K57: =K58 -> 0
A58: Иные закупки товаров, работ и услуг для обеспечения государственных (муниципальных) нужд | B58: 01 | C58: 13 | D58: 89 | E58: 1 | F58: 00 | G58: 41210 | H58: 240 | I58: ='Прил 2'!J59 -> 10 | J58: ='Прил 2'!K59 -> 0 | K58: ='Прил 2'!L59 -> 0
A59: Национальная оборона | B59: 02 | I59: =I60 -> 109.3 | J59: =J60 -> 114.4 | K59: =K60 -> 118.7
A60: Мобилизационная и вневойсковая подготовка | B60: 02 | C60: 03 | I60: =I61 -> 109.3 | J60: =J61 -> 114.4 | K60: =K61 -> 118.7
A61: Непрограммные расходы главных распорядителей средств бюджета Пушкинского сельского поселения Кадошкинского муниципального района Республики Мордовия | B61: 02 | C61: 03 | D61: 89 | I61: =I62 -> 109.3 | J61: =J62 -> 114.4 | K61: =K62 -> 118.7
A62: Непрограммные расходы в рамках обеспечения деятельности главных распорядителей средств бюджета Пушкинского сельского поселения Кадошкинского муниципального района Республики Мордовия | B62: 02 | C62: 03 | D62: 89 | E62: 1 | I62: =I63 -> 109.3 | J62: =J63 -> 114.4 | K62: =K63 -> 118.7
A63: Осуществление государственных полномочий Российской Федерации о первичному воинскому учету на территориях, где отсутствуют военные комиссариаты | B63: 02 | C63: 03 | D63: 89 | E63: 1 | F63: 00 | G63: 51180 | I63: =I64+I66 -> 109.3 | J63: =J64+J66 -> 114.4 | K63: =K64+K66 -> 118.7
A64: Расходы на выплаты персоналу в целях обеспечения выполнения функций государственными (муниципальными) органами, казенными учреждениями, органами управления государственными внебюджетными фондами | B64: 02 | C64: 03 | D64: 89 | E64: 1 | F64: 00 | G64: 51180 | H64: 100 | I64: =I65 -> 105.3 | J64: =J65 -> 110.4 | K64: =K65 -> 114.7
A65: Расходы на выплаты персоналу государственных (муниципальных) органов | B65: 02 | C65: 03 | D65: 89 | E65: 1 | F65: 00 | G65: 51180 | H65: 120 | I65: ='Прил 2'!J66 -> 105.3 | J65: ='Прил 2'!K66 -> 110.4 | K65: ='Прил 2'!L66 -> 114.7
A66: Закупка товаров, работ и услуг для обеспечения государственных (муниципальных) нужд | B66: 02 | C66: 03 | D66: 89 | E66: 1 | F66: 00 | G66: 51180 | H66: 200 | I66: =I67 -> 4 | J66: =J67 -> 4 | K66: =K67 -> 4
A67: Иные закупки товаров, работ и услуг для обеспечения государственных (муниципальных) нужд | B67: 02 | C67: 03 | D67: 89 | E67: 1 | F67: 00 | G67: 51180 | H67: 240 | I67: ='Прил 2'!J68 -> 4 | J67: ='Прил 2'!K68 -> 4 | K67: ='Прил 2'!L68 -> 4
A68: Национальная безопасность и правоохранительная деятельность | B68: 03 | I68: =I69+I81 -> 88.109 | J68: =J69+J81 -> 0.5 | K68: =K69+K81 -> 0.5
A69: Защита населения и территории от чрезвычайных ситуаций природного и техногенного характера, пожарная безопасность | B69: 03 | C69: 10 | I69: =I70 -> 87.609 | J69: =J70 -> 0 | K69: =K70 -> 0
A70: Непрограммные расходы главных распорядителей средств бюджета Пушкинского сельского поселения Кадошкинского муниципального района Республики Мордовия | B70: 03 | C70: 10 | D70: 89 | I70: =I71 -> 87.609 | J70: =J71 -> 0 | K70: =K71 -> 0
A71: Непрограммные расходы в рамках обеспечения деятельности главных распорядителей средств бюджета Пушкинского сельского поселения Кадошкинского муниципального района Республики Мордовия | B71: 03 | C71: 10 | D71: 89 | E71: 1 | I71: =I72+I75+I78 -> 87.609 | J71: =J72 -> 0 | K71: =K72 -> 0
A72: Мероприятия по обеспечению пожарной безопасности | B72: 03 | C72: 10 | D72: 89 | E72: 1 | F72: 00 | G72: 42120 | I72: =I73 -> 50 | J72: =J73 -> 0 | K72: =K73 -> 0
A73: Закупка товаров, работ и услуг для обеспечения государственных (муниципальных) нужд | B73: 03 | C73: 10 | D73: 89 | E73: 1 | F73: 00 | G73: 42120 | H73: 200 | I73: =I74 -> 50 | J73: =J74 -> 0 | K73: =K74 -> 0
A74: Иные закупки товаров, работ и услуг для обеспечения государственных (муниципальных) нужд | B74: 03 | C74: 10 | D74: 89 | E74: 1 | F74: 00 | G74: 42120 | H74: 240 | I74: ='Прил 2'!J75 -> 50 | J74: ='Прил 2'!K75 -> 0 | K74: ='Прил 2'!L75 -> 0
A75: Резервный фонд администрации Пушкинского сельского поселения Кадошкинского муниципального района Республики Мордовия | B75: 03 | C75: 10 | D75: 89 | E75: 1 | F75: 00 | G75: 41180 | I75: =I76 -> 0.372 | J75: =J76 -> 0 | K75: =K76 -> 0
A76: Закупка товаров, работ и услуг для обеспечения государственных (муниципальных) нужд | B76: 03 | C76: 10 | D76: 89 | E76: 1 | F76: 00 | G76: 41180 | H76: 200 | I76: =I77 -> 0.372 | J76: =J77 -> 0 | K76: =K77 -> 0
A77: Иные закупки товаров, работ и услуг для обеспечения государственных (муниципальных) нужд | B77: 03 | C77: 10 | D77: 89 | E77: 1 | F77: 00 | G77: 41180 | H77: 240 | I77: ='Прил 2'!J78 -> 0.372 | J77: ='Прил 2'!K78 -> 0 | K77: ='Прил 2'!L78 -> 0
A78: Резервный фонд Правительства Республики Мордовия | B78: 03 | C78: 10 | D78: 89 | E78: 1 | F78: 00 | G78: 80190 | I78: =I79 -> 37.237 | J78: =J79 -> 0 | K78: =K79 -> 0
A79: Закупка товаров, работ и услуг для обеспечения государственных (муниципальных) нужд | B79: 03 | C79: 10 | D79: 89 | E79: 1 | F79: 00 | G79: 80190 | H79: 200 | I79: =I80 -> 37.237 | J79: =J80 -> 0 | K79: =K80 -> 0
A80: Иные закупки товаров, работ и услуг для обеспечения государственных (муниципальных) нужд | B80: 03 | C80: 10 | D80: 89 | E80: 1 | F80: 00 | G80: 80190 | H80: 240 | I80: ='Прил 2'!J81 -> 37.237 | J80: ='Прил 2'!K81 -> 0 | K80: ='Прил 2'!L81 -> 0
A81: Другие вопросы в области национальной безопасности и правоохранительной деятельности | B81: 03 | C81: 14 | I81: =I82 -> 0.5 | J81: =J82 -> 0.5 | K81: =K82 -> 0.5
A82: Муниципальную программу "Профилактика наркомании и токсикомании на территории Пушкинского сельского поселения на 2023-2025 годы" | B82: 03 | C82: 14 | D82: 20 | I82: =I83 -> 0.5 | J82: =J83 -> 0.5 | K82: =K83 -> 0.5
A83: Мероприятия в области противодействия злоупотреблению наркотиками и их незаконному обороту | B83: 03 | C83: 14 | D83: 20 | E83: 0 | F83: 00 | G83: 42100 | I83: =I84 -> 0.5 | J83: =J84 -> 0.5 | K83: =K84 -> 0.5
A84: Закупка товаров, работ и услуг для обеспечения государственных (муниципальных) нужд | B84: 03 | C84: 14 | D84: 20 | E84: 0 | F84: 00 | G84: 42100 | H84: 200 | I84: =I85 -> 0.5 | J84: =J85 -> 0.5 | K84: =K85 -> 0.5
A85: Иные закупки товаров, работ и услуг для обеспечения государственных (муниципальных) нужд | B85: 03 | C85: 14 | D85: 20 | E85: 0 | F85: 00 | G85: 42100 | H85: 240 | I85: ='Прил 2'!J86 -> 0.5 | J85: ='Прил 2'!K86 -> 0.5 | K85: ='Прил 2'!L86 -> 0.5
A86: Национальная экономика | B86: 04 | I86: =I87+I96 -> 972.2 | J86: =J87+J96 -> 601.892 | K86: =K87+K96 -> 649.4
A87: Дорожное хозяйство (дорожные фонды) | B87: 04 | C87: 09 | I87: =I88+I92 -> 632.2 | J87: =J88+J92 -> 601.892 | K87: =K88+K92 -> 649.4
A88: Программа комплексного развития транспортной инфраструктуры Пушкинского сельского поселения Кадошкинского муниципального района Республики Мордовия на 2017-2025 годы | B88: 04 | C88: 09 | D88: 13 | I88: =I89 -> 583.5 | J88: =J89 -> 531.212 | K88: =K89 -> 624.44
A89: Иные межбюджетные трансферты на осуществление полномочий по дорожной деятельности в отношении автомобильных дорог местного значения в границах населенных пунктов поселения и обеспечению безопасности дорожного движения на них, включая создание и обеспечение функционирования парковок (парковочных мест), осуществлению муниципального контроля за сохранностью автомобильных дорог местного значения в границах населенных пунктов поселения, организации дорожного движения, а также осуществлению иных полномочий в области использования автомобильных дорог и осуществления дорожной деятельности в соответствии с законодательством Российской Федерации | B89: 04 | C89: 09 | D89: 13 | E89: 0 | F89: 00 | G89: 44102 | I89: =I90 -> 583.5 | J89: =J90 -> 531.212 | K89: =K90 -> 624.44
A90: Закупка товаров, работ и услуг для обеспечения государственных (муниципальных) нужд | B90: 04 | C90: 09 | D90: 13 | E90: 0 | F90: 00 | G90: 44102 | H90: 200 | I90: =I91 -> 583.5 | J90: =J91 -> 531.212 | K90: =K91 -> 624.44
A91: Иные закупки товаров, работ и услуг для обеспечения государственных (муниципальных) нужд | B91: 04 | C91: 09 | D91: 13 | E91: 0 | F91: 00 | G91: 44102 | H91: 240 | I91: ='Прил 2'!J92 -> 583.5 | J91: ='Прил 2'!K92 -> 531.212 | K91: ='Прил 2'!L92 -> 624.44
A92: Муниципальная программа «Оформление в собственность автомобильных дорог общего пользования местного значения в границах населенных пунктов на территории Пушкинского сельского поселения Кадошкинского муниципального района Республики Мордовия в 2023-2025 годах» | B92: 04 | C92: 09 | D92: 14 | I92: =I93 -> 48.7 | J92: =J93 -> 70.68 | K92: =K93 -> 24.96
A93: Иные межбюджетные трансферты на осуществление полномочий по дорожной деятельности в отношении автомобильных дорог местного значения в границах населенных пунктов поселения и обеспечению безопасности дорожного движения на них, включая создание и обеспечение функционирования парковок (парковочных мест), осуществлению муниципального контроля за сохранностью автомобильных дорог местного значения в границах населенных пунктов поселения, организации дорожного движения, а также осуществлению иных полномочий в области использования автомобильных дорог и осуществления дорожной деятельности в соответствии с законодательством Российской Федерации | B93: 04 | C93: 09 | D93: 14 | E93: 0 | F93: 01 | G93: 44102 | I93: =I94 -> 48.7 | J93: =J94 -> 70.68 | K93: =K94 -> 24.96
A94: Закупка товаров, работ и услуг для обеспечения государственных (муниципальных) нужд | B94: 04 | C94: 09 | D94: 14 | E94: 0 | F94: 01 | G94: 44102 | H94: 200 | I94: =I95 -> 48.7 | J94: =J95 -> 70.68 | K94: =K95 -> 24.96
A95: Иные закупки товаров, работ и услуг для обеспечения государственных (муниципальных) нужд | B95: 04 | C95: 09 | D95: 14 | E95: 0 | F95: 01 | G95: 44102 | H95: 240 | I95: ='Прил 2'!J96 -> 48.7 | J95: ='Прил 2'!K96 -> 70.68 | K95: ='Прил 2'!L96 -> 24.96
A96: Другие вопросы в области национальной экономики | B96: 04 | C96: 12 | I96: =I97 -> 340 | J96: =J97 -> 0 | K96: =K97 -> 0
A97: Непрограммные расходы главных распорядителей средств бюджета Пушкинского сельского поселения Кадошкинского муниципального района Республики Мордовия | B97: 04 | C97: 12 | D97: 89 | I97: =I99 -> 340 | J97: =J99 -> 0 | K97: =K99 -> 0
A98: Непрограммные расходы в рамках обеспечения деятельности главных распорядителей средств бюджета Пушкинского сельского поселения Кадошкинского муниципального района Республики Мордовия | B98: 04 | C98: 12 | D98: 89 | E98: 1
A99: Иные межбюджетные трансферты на осуществление полномочий по утверждению генеральных планов поселения, правил землепользования и застройки, утверждению подготовленной на основе генеральных планов поселения документации по планировке территории, выдаче градостроительного плана земельного участка, расположенного в границах поселения | B99: 04 | C99: 12 | D99: 89 | E99: 1 | F99: 00 | G99: 44107 | I99: =I100 -> 340 | J99: =J100 -> 0 | K99: =K100 -> 0
A100: Закупка товаров, работ и услуг для обеспечения государственных (муниципальных) нужд | B100: 04 | C100: 12 | D100: 89 | E100: 1 | F100: 00 | G100: 44107 | H100: 200 | I100: =I101 -> 340 | J100: =J101 -> 0 | K100: =K101 -> 0
...

Sheet Прил 4
J1: Приложение 4 к решению Совета депутатов Пушкинского сельского поселения "О бюджете Пушкинского сельского поселения Кадошкинского муниципального района Республики Мордовия на 2023 год и на плановый период 2024 и 20254 годов"
A2: РАСПРЕДЕЛЕНИЕ БЮДЖЕТНЫХ АССИГНОВАНИЙ БЮДЖЕТА ПУШКИНСКОГО СЕЛЬСКОГО ПОСЕЛЕНИЯ КАДОШКИНСКОГО МУНИЦИПАЛЬНОГО РАЙОНА РЕСПУБЛИКИ МОРДОВИЯ ПО ЦЕЛЕВЫМ СТАТЬЯМ (МУНИЦИПАЛЬНЫМ ПРОГРАММАМ И НЕПРОГРАММНЫМ НАПРАВЛЕНИЯМ ДЕЯТЕЛЬНОСТИ), ГРУППАМ И ПОДГРУППАМ ВИДОВ РАСХОДОВ, РАЗДЕЛАМ И ПОДРАЗДЕЛАМ КЛАССИФИКАЦИИ РАСХОДОВ БЮДЖЕТОВ НА 2023 ГОД НА ПЛАНОВЫЙ ПЕРИОД 2024 И 2025 ГОДОВ
L3: (тыс. рублей)
A4: Наименование | B4: Цср | F4: ВР | G4: Рз | H4: Прз | I4: Адм | J4: Сумма
J5: 2023 год | K5: 2024 год | L5: 2025 год
A6: 1 | B6: 2 | C6: 3 | D6: 4 | E6: 5 | F6: 6 | G6: 7 | H6: 8 | I6: 9 | J6: 10 | K6: 11 | L6: 12
A7: ВСЕГО | J7: =J51+J94+J22+J30+J8+J15+J37+J44 -> 3058.658 | K7: =K51+K94+K22+K30+K8+K15+K37+K44 -> 1475.492 | L7: =L51+L94+L22+L30+L8+L15+L37+L44 -> 1375.8
A8: Муниципальная программа «Пожарная безопасность на территории Пушкинского сельского поселения Кадошкинского муниципального района Республики Мордовия на 2023-2025 годы» | B8: 08 | J8: =J9 -> 0.5 | K8: =K9 -> 0.5 | L8: =L9 -> 0.5
A9: Мероприятия по обеспечению пожарной безопасности | B9: 08 | C9: 0 | D9: 00 | E9: 42120 | J9: =J10 -> 0.5 | K9: =K10 -> 0.5 | L9: =L10 -> 0.5
A10: Закупка товаров, работ и услуг для обеспечения государственных (муниципальных) нужд | B10: 08 | C10: 0 | D10: 00 | E10: 42120 | F10: 200 | J10: =J11 -> 0.5 | K10: =K11 -> 0.5 | L10: =L11 -> 0.5
A11: Иные закупки товаров, работ и услуг для обеспечения государственных (муниципальных) нужд | B11: 08 | C11: 0 | D11: 00 | E11: 42120 | F11: 240 | J11: =J12 -> 0.5 | K11: =K12 -> 0.5 | L11: =L12 -> 0.5
A12: Общегосударственные вопросы | B12: 08 | C12: 0 | D12: 00 | E12: 42120 | F12: 240 | G12: 01 | J12: =J13 -> 0.5 | K12: =K13 -> 0.5 | L12: =L13 -> 0.5
A13: Другие общегосударственные вопросы | B13: 08 | C13: 0 | D13: 00 | E13: 42120 | F13: 240 | G13: 01 | H13: 13 | J13: =J14 -> 0.5 | K13: =K14 -> 0.5 | L13: =L14 -> 0.5
A14: Администрация Пушкинского сельского поселения Кадошкинского муниципального района Республики Мордовия | B14: 08 | C14: 0 | D14: 00 | E14: 42120 | F14: 240 | G14: 01 | H14: 12 | I14: 919 | J14: ='Прил 2'!J50 -> 0.5 | K14: ='Прил 2'!K50 -> 0.5 | L14: ='Прил 2'!L50 -> 0.5
A15: Муниципальная программа «Использование и охрана земель на территории Пушкинского сельского поселения Кадошкинского муниципального района Республики Мордовия на 2023-2025 годы» | B15: 11 | J15: =J16 -> 2 | K15: =K16 -> 2 | L15: =L16 -> 2
A16: Мероприятия, связанные с муниципальным управлением | B16: 11 | C16: 0 | D16: 00 | E16: 41210 | J16: =J17 -> 2 | K16: =K17 -> 2 | L16: =L17 -> 2
A17: Закупка товаров, работ и услуг для обеспечения государственных (муниципальных) нужд | B17: 11 | C17: 0 | D17: 00 | E17: 41210 | F17: 200 | J17: =J18 -> 2 | K17: =K18 -> 2 | L17: =L18 -> 2
A18: Иные закупки товаров, работ и услуг для обеспечения государственных (муниципальных) нужд | B18: 11 | C18: 0 | D18: 00 | E18: 41210 | F18: 240 | J18: =J19 -> 2 | K18: =K19 -> 2 | L18: =L19 -> 2
A19: Общегосударственные вопросы | B19: 11 | C19: 0 | D19: 00 | E19: 41210 | F19: 240 | G19: 01 | J19: =J20 -> 2 | K19: =K20 -> 2 | L19: =L20 -> 2
A20: Другие общегосударственные вопросы | B20: 11 | C20: 0 | D20: 00 | E20: 41210 | F20: 240 | G20: 01 | H20: 13 | J20: =J21 -> 2 | K20: =K21 -> 2 | L20: =L21 -> 2
A21: Администрация Пушкинского сельского поселения Кадошкинского муниципального района Республики Мордовия | B21: 11 | C21: 0 | D21: 00 | E21: 41210 | F21: 240 | G21: 01 | H21: 13 | I21: 919 | J21: ='Прил 2'!J51 -> 2 | K21: ='Прил 2'!K51 -> 2 | L21: ='Прил 2'!L51 -> 2
A22: Муниципальная программа "Энергосбережение и повышение энергетической эффективности на территории Пушкинского сельского поселения Кадошкинского муниципального района Республики Мордовия на 2023 – 2025 годы " | B22: 12 | J22: =J24 -> 39.5 | K22: =K24 -> 0 | L22: =L24 -> 0
A23: Основное мероприятие "Оформление прав собственности на бесхозяйные объекты инженерной инфраструктуры" | B23: 12 | C23: 0 | D23: 01
A24: Оформление прав собственности на бесхозяйные объекты инженерной инфраструктуры | B24: 12 | C24: 0 | D24: 01 | E24: S6140 | J24: =J25 -> 39.5 | K24: =K25 -> 0 | L24: =L25 -> 0
A25: Закупка товаров, работ и услуг для обеспечения государственных (муниципальных) нужд | B25: 12 | C25: 0 | D25: 01 | E25: S6140 | F25: 200 | J25: =J26 -> 39.5 | K25: =K26 -> 0 | L25: =L26 -> 0
A26: Иные закупки товаров, работ и услуг для обеспечения государственных (муниципальных) нужд | B26: 12 | C26: 0 | D26: 01 | E26: S6140 | F26: 240 | J26: =J27 -> 39.5 | K26: =K27 -> 0 | L26: =L27 -> 0
A27: Жилищно-коммунальное хозяйство | B27: 12 | C27: 0 | D27: 01 | E27: S6140 | F27: 240 | G27: 05 | J27: =J28 -> 39.5 | K27: =K28 -> 0 | L27: =L28 -> 0
A28: Коммунальное хозяйство | B28: 12 | C28: 0 | D28: 01 | E28: S6140 | F28: 240 | G28: 05 | H28: 02 | J28: =J29 -> 39.5 | K28: =K29 -> 0 | L28: =L29 -> 0
A29: Администрация Пушкинского сельского поселения Кадошкинского муниципального района Республики Мордовия | B29: 12 | C29: 0 | D29: 01 | E29: S6140 | F29: 240 | G29: 05 | H29: 02 | I29: 919 | J29: ='Прил 2'!J109 -> 39.5 | K29: ='Прил 2'!K109 -> 0 | L29: ='Прил 2'!L109 -> 0
A30: Программа комплексного развития транспортной инфраструктуры Пушкинского сельского поселения Кадошкинского муниципального района Республики Мордовия на 2017-2025 годы | B30: 13 | J30: =J31 -> 583.5 | K30: =K31 -> 531.212 | L30: =L31 -> 624.44
A31: Иные межбюджетные трансферты на осуществление полномочий по дорожной деятельности в отношении автомобильных дорог местного значения в границах населенных пунктов поселения и обеспечению безопасности дорожного движения на них, включая создание и обеспечение функционирования парковок (парковочных мест), осуществлению муниципального контроля за сохранностью автомобильных дорог местного значения в границах населенных пунктов поселения, организации дорожного движения, а также осуществлению иных полномочий в области использования автомобильных дорог и осуществления дорожной деятельности в соответствии с законодательством Российской Федерации | B31: 13 | C31: 0 | D31: 00 | E31: 44102 | J31: =J32 -> 583.5 | K31: =K32 -> 531.212 | L31: =L32 -> 624.44
A32: Иные закупки товаров, работ и услуг для обеспечения государственных (муниципальных) нужд | B32: 13 | C32: 0 | D32: 00 | E32: 44102 | F32: 200 | J32: =J33 -> 583.5 | K32: =K33 -> 531.212 | L32: =L33 -> 624.44
A33: Прочая закупка товаров, работ и услуг | B33: 13 | C33: 0 | D33: 00 | E33: 44102 | F33: 240 | J33: =J34 -> 583.5 | K33: =K34 -> 531.212 | L33: =L34 -> 624.44
A34: Национальная экономика | B34: 13 | C34: 0 | D34: 00 | E34: 44102 | F34: 240 | G34: 04 | J34: =J35 -> 583.5 | K34: =K35 -> 531.212 | L34: =L35 -> 624.44
A35: Дорожное хозяйство (дорожные фонды) | B35: 13 | C35: 0 | D35: 00 | E35: 44102 | F35: 240 | G35: 04 | H35: 09 | J35: =J36 -> 583.5 | K35: =K36 -> 531.212 | L35: =L36 -> 624.44
A36: Администрация Пушкинского сельского поселения Кадошкинского муниципального района Республики Мордовия | B36: 13 | C36: 0 | D36: 00 | E36: 44102 | F36: 240 | G36: 04 | H36: 09 | I36: 919 | J36: ='Прил 2'!J92 -> 583.5 | K36: ='Прил 2'!K92 -> 531.212 | L36: ='Прил 2'!L92 -> 624.44
A37: Муниципальная программа «Оформление в собственность автомобильных дорог общего пользования местного значения в границах населенных пунктов на территории Пушкинского сельского поселения Кадошкинского муниципального района Республики Мордовия в 2023-2025 годах» | B37: 14 | J37: =J38 -> 48.7 | K37: =K38 -> 70.68 | L37: =L38 -> 24.96
A38: Иные межбюджетные трансферты на осуществление полномочий по дорожной деятельности в отношении автомобильных дорог местного значения в границах населенных пунктов поселения и обеспечению безопасности дорожного движения на них, включая создание и обеспечение функционирования парковок (парковочных мест), осуществлению муниципального контроля за сохранностью автомобильных дорог местного значения в границах населенных пунктов поселения, организации дорожного движения, а также осуществлению иных полномочий в области использования автомобильных дорог и осуществления дорожной деятельности в соответствии с законодательством Российской Федерации | B38: 14 | C38: 0 | D38: 01 | E38: 44102 | J38: =J39 -> 48.7 | K38: =K39 -> 70.68 | L38: =L39 -> 24.96
A39: Закупка товаров, работ и услуг для обеспечения государственных (муниципальных) нужд | B39: 14 | C39: 0 | D39: 01 | E39: 44102 | F39: 200 | J39: =J40 -> 48.7 | K39: =K40 -> 70.68 | L39: =L40 -> 24.96
A40: Иные закупки товаров, работ и услуг для обеспечения государственных (муниципальных) нужд | B40: 14 | C40: 0 | D40: 01 | E40: 44102 | F40: 240 | J40: =J41 -> 48.7 | K40: =K41 -> 70.68 | L40: =L41 -> 24.96
A41: Национальная экономика | B41: 14 | C41: 0 | D41: 01 | E41: 44102 | F41: 240 | G41: 04 | J41: =J42 -> 48.7 | K41: =K42 -> 70.68 | L41: =L42 -> 24.96
A42: Дорожное хозяйство (дорожные фонды) | B42: 14 | C42: 0 | D42: 01 | E42: 44102 | F42: 240 | G42: 04 | H42: 09 | J42: =J43 -> 48.7 | K42: =K43 -> 70.68 | L42: =L43 -> 24.96
A43: Администрация Пушкинского сельского поселения Кадошкинского муниципального района Республики Мордовия | B43: 14 | C43: 0 | D43: 01 | E43: 44102 | F43: 240 | G43: 04 | H43: 09 | I43: 919 | J43: ='Прил 2'!J93 -> 48.7 | K43: ='Прил 2'!K93 -> 70.68 | L43: ='Прил 2'!L93 -> 24.96
A44: Муниципальную программу "Профилактика наркомании и токсикомании на территории Пушкинского сельского поселения на 2023-2025 годы" | B44: 20 | J44: =J45 -> 0.5 | K44: =K45 -> 0.5 | L44: =L45 -> 0.5
A45: Мероприятия в области противодействия злоупотреблению наркотиками и их незаконному обороту | B45: 20 | C45: 0 | D45: 00 | E45: 42100 | J45: =J46 -> 0.5 | K45: =K46 -> 0.5 | L45: =L46 -> 0.5
A46: Закупка товаров, работ и услуг для обеспечения государственных (муниципальных) нужд | B46: 20 | C46: 0 | D46: 00 | E46: 42100 | F46: 200 | J46: =J47 -> 0.5 | K46: =K47 -> 0.5 | L46: =L47 -> 0.5
A47: Иные закупки товаров, работ и услуг для обеспечения государственных (муниципальных) нужд | B47: 20 | C47: 0 | D47: 00 | E47: 42100 | F47: 240 | J47: =J48 -> 0.5 | K47: =K48 -> 0.5 | L47: =L48 -> 0.5
A48: Национальная безопасность и правоохранительная деятельность | B48: 20 | C48: 0 | D48: 00 | E48: 42100 | F48: 240 | G48: 03 | J48: =J49 -> 0.5 | K48: =K49 -> 0.5 | L48: =L49 -> 0.5
A49: Другие вопросы в области национальной безопасности и правоохранительной деятельности | B49: 20 | C49: 0 | D49: 00 | E49: 42100 | F49: 240 | G49: 03 | H49: 14 | J49: =J50 -> 0.5 | K49: =K50 -> 0.5 | L49: =L50 -> 0.5
A50: Администрация Пушкинского сельского поселения Кадошкинского муниципального района Республики Мордовия | B50: 20 | C50: 0 | D50: 00 | E50: 42100 | F50: 240 | G50: 03 | H50: 14 | I50: 919 | J50: ='Прил 2'!J82 -> 0.5 | K50: ='Прил 2'!K82 -> 0.5 | L50: ='Прил 2'!L82 -> 0.5
A51: Обеспечение деятельности администрации | B51: 65 | J51: =J52+J65 -> 1297.321 | K51: =K52+K65 -> 412.8 | L51: =L52+L65 -> 260.7
A52: Высшее должностное лицо | B52: 65 | C52: 1 | J52: =J53+J59 -> 446.9 | K52: =K53 -> 175.9 | L52: =L53 -> 99.5
A53: Расходы на выплаты по оплате труда высшего должностного лица муниципального образования | B53: 65 | C53: 1 | D53: 00 | E53: 41150 | J53: =J56 -> 352.9 | K53: =K56 -> 175.9 | L53: =L56 -> 99.5
A54: Расходы на выплаты персоналу в целях обеспечения выполнения функций государственными (муниципальными) органами, казенными учреждениями, органами управления государственными внебюджетными фондами | B54: 65 | C54: 1 | D54: 00 | E54: 41150 | F54: 100 | J54: =J55 -> 352.9 | K54: =K55 -> 175.9 | L54: =L55 -> 99.5
A55: Расходы на выплаты персоналу государственных (муниципальных) органов | B55: 65 | C55: 1 | D55: 00 | E55: 41150 | F55: 120 | J55: =J56 -> 352.9 | K55: =K56 -> 175.9 | L55: =L56 -> 99.5
A56: Общегосударственные вопросы | B56: 65 | C56: 1 | D56: 00 | E56: 41150 | F56: 120 | G56: 01 | J56: =J57 -> 352.9 | K56: =K57 -> 175.9 | L56: =L57 -> 99.5
A57: Функционирование высшего должностного лица субъекта Российской Федерации и муниципального образования | B57: 65 | C57: 1 | D57: 00 | E57: 41150 | F57: 120 | G57: 01 | H57: 02 | J57: =J58 -> 352.9 | K57: =K58 -> 175.9 | L57: =L58 -> 99.5
A58: Администрация Пушкинского сельского поселения Кадошкинского муниципального района Республики Мордовия | B58: 65 | C58: 1 | D58: 00 | E58: 41150 | F58: 120 | G58: 01 | H58: 02 | I58: 919 | J58: ='Прил 2'!J15 -> 352.9 | K58: ='Прил 2'!K15 -> 175.9 | L58: ='Прил 2'!L15 -> 99.5
A59: Субсидии на софинансирование расходных обязательств по финансовому обеспечению деятельности органов местного самоуправления и муниципальных учреждений | B59: 65 | C59: 1 | D59: 00 | E59: 44205 | J59: =J60 -> 94 | K59: =K60 -> 0 | L59: =L60 -> 0
A60: Расходы на выплаты персоналу в целях обеспечения выполнения функций государственными (муниципальными) органами, казенными учреждениями, органами управления государственными внебюджетными фондами | B60: 65 | C60: 1 | D60: 00 | E60: 44205 | F60: 100 | J60: =J61 -> 94 | K60: =K61 -> 0 | L60: =L61 -> 0
A61: Расходы на выплаты персоналу государственных (муниципальных) органов | B61: 65 | C61: 1 | D61: 00 | E61: 44205 | F61: 120 | J61: =J62 -> 94 | K61: =K62 -> 0 | L61: =L62 -> 0
A62: Общегосударственные вопросы | B62: 65 | C62: 1 | D62: 00 | E62: 44205 | F62: 120 | G62: 01 | J62: =J63 -> 94 | K62: =K63 -> 0 | L62: =L63 -> 0
A63: Функционирование высшего должностного лица субъекта Российской Федерации и муниципального образования | B63: 65 | C63: 1 | D63: 00 | E63: 44205 | F63: 120 | G63: 01 | H63: 02 | J63: =J64 -> 94 | K63: =K64 -> 0 | L63: =L64 -> 0
A64: Администрация Пушкинского сельского поселения Кадошкинского муниципального района Республики Мордовия | B64: 65 | C64: 1 | D64: 00 | E64: 44205 | F64: 120 | G64: 01 | H64: 02 | I64: 919 | J64: ='Прил 2'!J18 -> 94 | K64: ='Прил 2'!K18 -> 0 | L64: ='Прил 2'!L18 -> 0
A65: Непрограммные расходы в рамках обеспечения деятельности администрации | B65: 65 | C65: 2 | J65: =J66+J72+J83 -> 850.421 | K65: =K66+K72 -> 236.9 | L65: =L66+L72 -> 161.2
A66: Расходы на выплаты по оплате труда работников органов местного самоуправления | B66: 65 | C66: 2 | D66: 00 | E66: 41110 | J66: =J67 -> 358.023 | K66: =K69 -> 204.4 | L66: =L69 -> 130
A67: Расходы на выплаты персоналу в целях обеспечения выполнения функций государственными (муниципальными) органами, казенными учреждениями, органами управления государственными внебюджетными фондами | B67: 65 | C67: 2 | D67: 00 | E67: 41110 | F67: 100 | J67: =J68 -> 358.023 | K67: =K68 -> 204.4 | L67: =L68 -> 130
A68: Расходы на выплаты персоналу государственных (муниципальных) органов | B68: 65 | C68: 2 | D68: 00 | E68: 41110 | F68: 120 | J68: =J69 -> 358.023 | K68: =K69 -> 204.4 | L68: =L69 -> 130
A69: Общегосударственные вопросы | B69: 65 | C69: 2 | D69: 00 | E69: 41110 | F69: 120 | G69: 01 | J69: =J70 -> 358.023 | K69: =K70 -> 204.4 | L69: =L70 -> 130
A70: Функционирование Правительства Российской Федерации, высших органов исполнительной власти субъектов Российской Федерации, местных администраций | B70: 65 | C70: 2 | D70: 00 | E70: 41110 | F70: 120 | G70: 01 | H70: 04 | J70: =J71 -> 358.023 | K70: =K71 -> 204.4 | L70: =L71 -> 130
A71: Администрация Пушкинского сельского поселения Кадошкинского муниципального района Республики Мордовия | B71: 65 | C71: 2 | D71: 00 | E71: 41110 | F71: 120 | G71: 01 | H71: 04 | I71: 919 | J71: ='Прил 2'!J24 -> 358.023 | K71: ='Прил 2'!K24 -> 204.4 | L71: ='Прил 2'!L24 -> 130
A72: Расходы на обеспечение функций органов местного самоуправленя | B72: 65 | C72: 2 | D72: 00 | E72: 41120 | J72: =J75+J78 -> 336.5 | K72: =K75+K78 -> 32.5 | L72: =L75+L78 -> 31.2
A73: Закупка товаров, работ и услуг для обеспечения государственных (муниципальных) нужд | B73: 65 | C73: 2 | D73: 00 | E73: 41120 | F73: 200 | J73: =J74 -> 301 | K73: =K74 -> 20.5 | L73: =L74 -> 19.2
A74: Иные закупки товаров, работ и услуг для обеспечения государственных (муниципальных) нужд | B74: 65 | C74: 2 | D74: 00 | E74: 41120 | F74: 240 | J74: =J75 -> 301 | K74: =K75 -> 20.5 | L74: =L75 -> 19.2
A75: Общегосударственные вопросы | B75: 65 | C75: 2 | D75: 00 | E75: 41120 | F75: 240 | G75: 01 | J75: =J76 -> 301 | K75: =K76 -> 20.5 | L75: =L76 -> 19.2
A76: Функционирование Правительства Российской Федерации, высших органов исполнительной власти субъектов Российской Федерации, местных администраций | B76: 65 | C76: 2 | D76: 00 | E76: 41120 | F76: 240 | G76: 01 | H76: 04 | J76: =J77 -> 301 | K76: =K77 -> 20.5 | L76: =L77 -> 19.2
A77: Администрация Пушкинского сельского поселения Кадошкинского муниципального района Республики Мордовия | B77: 65 | C77: 2 | D77: 00 | E77: 41120 | F77: 240 | G77: 01 | H77: 04 | I77: 919 | J77: ='Прил 2'!J26 -> 301 | K77: ='Прил 2'!K26 -> 20.5 | L77: ='Прил 2'!L26 -> 19.2
A78: Закупка товаров, работ и услуг для обеспечения государственных (муниципальных) нужд | B78: 65 | C78: 2 | D78: 00 | E78: 41120 | F78: 800 | J78: =J79 -> 35.5 | K78: =K79 -> 12 | L78: =L79 -> 12
A79: Иные закупки товаров, работ и услуг для обеспечения государственных (муниципальных) нужд | B79: 65 | C79: 2 | D79: 00 | E79: 41120 | F79: 850 | J79: =J80 -> 35.5 | K79: =K80 -> 12 | L79: =L80 -> 12
A80: Общегосударственные вопросы | B80: 65 | C80: 2 | D80: 00 | E80: 41120 | F80: 850 | G80: 01 | J80: =J81 -> 35.5 | K80: =K81 -> 12 | L80: =L81 -> 12
A81: Функционирование Правительства Российской Федерации, высших органов исполнительной власти субъектов Российской Федерации, местных администраций | B81: 65 | C81: 2 | D81: 00 | E81: 41120 | F81: 850 | G81: 01 | H81: 04 | J81: =J82 -> 35.5 | K81: =K82 -> 12 | L81: =L82 -> 12
A82: Администрация Пушкинского сельского поселения Кадошкинского муниципального района Республики Мордовия | B82: 65 | C82: 2 | D82: 00 | E82: 41120 | F82: 850 | G82: 01 | H82: 04 | I82: 919 | J82: ='Прил 2'!J28 -> 35.5 | K82: ='Прил 2'!K28 -> 12 | L82: ='Прил 2'!L28 -> 12
A83: Субсидии на софинансирование расходных обязательств по финансовому обеспечению деятельности органов местного самоуправления и муниципальных учреждений | B83: 65 | C83: 2 | D83: 00 | E83: 44205 | J83: =J84+J89 -> 155.898 | K83: =K84 -> 0 | L83: =L84 -> 0
A84: Расходы на выплаты персоналу в целях обеспечения выполнения функций государственными (муниципальными) органами, казенными учреждениями, органами управления государственными внебюджетными фондами | B84: 65 | C84: 2 | D84: 00 | E84: 44205 | F84: 100 | J84: =J85 -> 149.898 | K84: =K85 -> 0 | L84: =L85 -> 0
A85: Расходы на выплаты персоналу государственных (муниципальных) органов | B85: 65 | C85: 2 | D85: 00 | E85: 44205 | F85: 120 | J85: =J86 -> 149.898 | K85: =K86 -> 0 | L85: =L86 -> 0
A86: Общегосударственные вопросы | B86: 65 | C86: 2 | D86: 00 | E86: 44205 | F86: 120 | G86: 01 | J86: =J87 -> 149.898 | K86: =K87 -> 0 | L86: =L87 -> 0
A87: Функционирование Правительства Российской Федерации, высших органов исполнительной власти субъектов Российской Федерации, местных администраций | B87: 65 | C87: 2 | D87: 00 | E87: 44205 | F87: 120 | G87: 01 | H87: 04 | J87: =J88 -> 149.898 | K87: =K88 -> 0 | L87: =L88 -> 0
A88: Администрация Пушкинского сельского поселения Кадошкинского муниципального района Республики Мордовия | B88: 65 | C88: 2 | D88: 00 | E88: 44205 | F88: 120 | G88: 01 | H88: 04 | I88: 919 | J88: ='Прил 2'!J32 -> 149.898 | K88: ='Прил 2'!K32 -> 0 | L88: ='Прил 2'!L32 -> 0
A89: Закупка товаров, работ и услуг для обеспечения государственных (муниципальных) нужд | B89: 65 | C89: 2 | D89: 00 | E89: 44205 | F89: 800 | J89: =J90 -> 6 | K89: =K90 -> 0 | L89: =L90 -> 0
A90: Иные закупки товаров, работ и услуг для обеспечения государственных (муниципальных) нужд | B90: 65 | C90: 2 | D90: 00 | E90: 44205 | F90: 850 | J90: =J91 -> 6 | K90: =K91 -> 0 | L90: =L91 -> 0
A91: Общегосударственные вопросы | B91: 65 | C91: 2 | D91: 00 | E91: 44205 | F91: 850 | G91: 01 | J91: =J92 -> 6 | K91: =K92 -> 0 | L91: =L92 -> 0
A92: Функционирование Правительства Российской Федерации, высших органов исполнительной власти субъектов Российской Федерации, местных администраций | B92: 65 | C92: 2 | D92: 00 | E92: 44205 | F92: 850 | G92: 01 | H92: 04 | J92: =J93 -> 6 | K92: =K93 -> 0 | L92: =L93 -> 0
A93: Администрация Пушкинского сельского поселения Кадошкинского муниципального района Республики Мордовия | B93: 65 | C93: 2 | D93: 00 | E93: 44205 | F93: 850 | G93: 01 | H93: 04 | I93: 919 | J93: ='Прил 2'!J34 -> 6 | K93: ='Прил 2'!K34 -> 0 | L93: ='Прил 2'!L34 -> 0
A94: Непрограммные расходы главных распорядителей средств бюджета Пушкинского сельского поселения Кадошкинского муниципального района Республики Мордовия | B94: 89 | J94: =J95 -> 1086.637 | K94: =K95 -> 457.8 | L94: =L95 -> 462.7
A95: Непрограммные расходы в рамках обеспечения деятельности главных распорядителей средств бюджета Пушкинского сельского поселения Кадошкинского муниципального района Республики Мордовия | B95: 89 | C95: 1 | J95: =J101+J113+J125+J166+J177+J143+J149+J171+J131+J156+J150+J132+J102+J178+J114 -> 1086.637 | K95: =K101+K113+K125+K166+K177+K143+K149+K171+K131+K156+K150 -> 457.8 | L95: =L101+L113+L125+L166+L177+L143+L149+L171+L131+L156+L150 -> 462.7
A96: Доплаты к пенсиям муниципальных служащих | B96: 89 | C96: 1 | D96: 00 | E96: 03010 | J96: =J99 -> 290.8 | K96: =K99 -> 272.6 | L96: =L99 -> 261.9
A97: Социальное обеспечение и иные выплаты населению | B97: 89 | C97: 1 | D97: 00 | E97: 03010 | F97: 300 | J97: =J98 -> 290.8 | K97: =K98 -> 272.6 | L97: =L98 -> 261.9
A98: Публичные нормативные социальные выплаты гражданам | B98: 89 | C98: 1 | D98: 00 | E98: 03010 | F98: 310 | J98: =J99 -> 290.8 | K98: =K99 -> 272.6 | L98: =L99 -> 261.9
A99: Социальная политика | B99: 89 | C99: 1 | D99: 00 | E99: 03010 | F99: 310 | G99: 10 | J99: =J100 -> 290.8 | K99: =K100 -> 272.6 | L99: =L100 -> 261.9
A100: Пенсионное обеспечение | B100: 89 | C100: 1 | D100: 00 | E100: 03010 | F100: 310 | G100: 10 | H100: 01 | J100: =J101 -> 290.8 | K100: =K101 -> 272.6 | L100: =L101 -> 261.9
...

Sheet Прил 5
C1: Приложение 5 к решению Совета депутатов Пушкинского сельского поселения "О бюджете Пушкинского сельского поселения Кадошкинского муниципального района Республики Мордовия на 2023 год и на плановый период 2024 и 2025 годов"
A2: ИСТОЧНИКИ ВНУТРЕННЕГО ФИНАНСИРОВАНИЯ ДЕФИЦИТА БЮДЖЕТА ПУШКИНСКОГО СЕЛЬСКОГО ПОСЕЛЕНИЯ КАДОШКИНСКОГО МУНИЦИПАЛЬНОГО РАЙОНА РЕСПУБЛИКИ МОРДОВИЯ НА 2023 ГОД И НА ПЛАНОВЫЙ ПЕРИОД 2024 И 2025 ГОДОВ
E3: (тыс.руб.)
A4: Код | B4: Наименование кода группы, подгруппы, статьи, вида источника финансирования дефицитов бюджетов, кода классификации операций сектора государственного управления, относящихся к источникам финансирования дефицитов бюджетов Российской Федерации | C4: Сумма (тыс. руб.)
C5: 2023 год | D5: 2024 год | E5: 2025 год
A6: 000 01 00 00 00 00 0000 000 | B6: ИСТОЧНИКИ ВНУТРЕННЕГО ФИНАНСИРОВАНИЯ ДЕФИЦИТОВ БЮДЖЕТОВ | C6: =C7+C14+C10 -> 299.971 | D6: =D7+D14+D10 -> -0.008 | E6: =E7+E14+E10 -> 0
A7: 000 01 02 00 00 00 0000 000 | B7: Кредиты кредитных организаций в валюте Российской Федерации | C7: =SUM(C8) -> 0 | D7: =SUM(D8) -> 0 | E7: =SUM(E8) -> 0
A8: 000 01 02 00 00 00 0000 700 | B8: Получение кредитов от кредитных организаций в валюте Российской Федерации | C8: =SUM(C9) -> 0 | D8: =SUM(D9) -> 0 | E8: =SUM(E9) -> 0
A9: 000 01 02 00 00 10 0000 710 | B9: Получение кредитов от кредитных организаций бюджетами сельских поселений в валюте Российской Федерации | C9: 0 | D9: 0 | E9: 0
A10: 000 01 03 00 00 00 0000 000 | B10: Бюджетные кредиты из других бюджетов бюджетной системы Российской Федерации | C10: =C11 -> 0 | D10: =D11 -> 0 | E10: =E11 -> 0
A11: 000 01 03 01 00 00 0000 800 | B11: Погашение бюджетных кредитов, полученных из других бюджетов бюджетной системы Российской Федерации в валюте Российской Федерации | C11: =C12 -> 0 | D11: =D12 -> 0 | E11: =E12 -> 0
A12: 000 01 03 01 00 10 0000 800 | B12: Погашение бюджетных кредитов, полученных из других бюджетов бюджетной системы Российской Федерации в валюте Российской Федерации | C12: =SUM(C13) -> 0 | D12: =SUM(D13) -> 0 | E12: =SUM(E13) -> 0
A13: 000 01 03 01 00 10 0000 810 | B13: Погашение бюджетами сельских поселений кредитов из других бюджетов бюджетной системы Российской Федерации в валюте Российской Федерации | C13: ='Прил 6'!C15 -> 0 | D13: ='Прил 6'!D15 -> 0 | E13: ='Прил 6'!E15 -> 0
A14: 000 01 05 00 00 00 0000 000 | B14: Изменение остатков средств на счетах по учету средств бюджетов | C14: =C15+C18 -> 299.971 | D14: =D15+D18 -> -0.008 | E14: =E15+E18 -> 0
A15: 000 01 05 02 00 00 0000 500 | B15: Увеличение прочих остатков средств бюджетов | C15: =SUM(C16) -> -2758.687 | D15: =SUM(D16) -> -1475.5 | E15: =SUM(E16) -> -1375.8
A16: 000 01 05 02 01 00 0000 510 | B16: Увеличение прочих остатков денежных средств бюджетов | C16: =SUM(C17) -> -2758.687 | D16: =SUM(D17) -> -1475.5 | E16: =SUM(E17) -> -1375.8
A17: 000 01 05 02 01 10 0000 510 | B17: Увеличение прочих остатков денежных средств бюджетов сельских поселений | C17: =-'Прил 1'!C7-C9 -> -2758.687 | D17: =-'Прил 1'!D7-D9 -> -1475.5 | E17: =-'Прил 1'!E7-E9 -> -1375.8
A18: 000 01 05 02 00 00 0000 600 | B18: Уменьшение прочих остатков средств бюджетов | C18: =C19 -> 3058.658 | D18: =D19 -> 1475.492 | E18: =E19 -> 1375.8
A19: 000 01 05 02 01 00 0000 610 | B19: Уменьшение прочих остатков денежных средств бюджетов | C19: =C20 -> 3058.658 | D19: =D20 -> 1475.492 | E19: =E20 -> 1375.8
A20: 000 01 05 02 01 10 0000 610 | B20: Уменьшение прочих остатков денежных средств местных бюджетов | C20: ='Прил 2'!J7-C13 -> 3058.658 | D20: ='Прил 2'!K7-D13 -> 1475.492 | E20: ='Прил 2'!L7-E13 -> 1375.8

Sheet Прил 6
C1: Приложение 6 к решению Совета депутатов Пушкинского сельского поселения "О бюджете Пушкинского сельского поселения Кадошкинского муниципального района Республики Мордовия на 2023 год и на плановый период 2024 и 2025 годов"
A2: ПРОГРАММА МУНИЦИПАЛЬНЫХ ВНУТРЕННИХ ЗАИМСТВОВАНИЙ ПУШКИНСКОГО СЕЛЬСКОГО ПОСЕЛЕНИЯ КАДОШКИНСКОГО МУНИЦИПАЛЬНОГО РАЙОНА РЕСПУБЛИКИ МОРДОВИЯ НА 2023 ГОД И НА ПЛАНОВЫЙ ПЕРИОД 2024 И 2025 ГОДОВ
A5: № п/п | B5: Виды заимствований | C5: Сумма (тыс.руб.)
C6: 2023 год | D6: 2024 год | E6: 2025 год
A7: 1 | B7: 2 | C7: 3 | D7: 4 | E7: 5
A8: I | B8: Кредиты кредитных организаций в валюте Российской Федерации | C8: =C10 -> 0 | D8: =D10 -> 0 | E8: =E10 -> 0
B9: в том числе:
A10: 1 | B10: Объем привлечения
A11: 2 | B11: Объем средств, напрвляемых на погашение основной суммы долга
A12: II | B12: Бюджетные кредиты от других бюджетов бюджетной системы Российской Федерации | C12: =C15 -> 0 | D12: =D15 -> 0 | E12: =E15 -> 0
B13: в том числе
A14: 1 | B14: Объем привлечения
A15: 2 | B15: Объем средств, напрвляемых на погашение основной суммы долга | C15: 0 | D15: 0 | E15: 0
B16: ВСЕГО | C16: =C10+C15 -> 0 | D16: =D10+D15 -> 0 | E16: =E10+E15 -> 0
